%YAML 1.1
%TAG !u! tag:unity3d.com,2011:
--- !u!1 &2234228546958009810
GameObject:
  m_ObjectHideFlags: 0
  m_CorrespondingSourceObject: {fileID: 0}
  m_PrefabInstance: {fileID: 0}
  m_PrefabAsset: {fileID: 0}
  serializedVersion: 6
  m_Component:
  - component: {fileID: 8465483884077717445}
  - component: {fileID: 5156252406766746779}
  - component: {fileID: 6772924647826588003}
  m_Layer: 0
  m_Name: AreaTrigger
  m_TagString: Untagged
  m_Icon: {fileID: 0}
  m_NavMeshLayer: 0
  m_StaticEditorFlags: 0
  m_IsActive: 1
--- !u!4 &8465483884077717445
Transform:
  m_ObjectHideFlags: 0
  m_CorrespondingSourceObject: {fileID: 0}
  m_PrefabInstance: {fileID: 0}
  m_PrefabAsset: {fileID: 0}
  m_GameObject: {fileID: 2234228546958009810}
  m_LocalRotation: {x: -0, y: -0, z: -0, w: 1}
  m_LocalPosition: {x: 0, y: 0, z: 0}
  m_LocalScale: {x: 1, y: 1, z: 1}
  m_Children: []
  m_Father: {fileID: 7171366651393665230}
  m_RootOrder: 4
  m_LocalEulerAnglesHint: {x: 0, y: 0, z: 0}
--- !u!65 &5156252406766746779
BoxCollider:
  m_ObjectHideFlags: 0
  m_CorrespondingSourceObject: {fileID: 0}
  m_PrefabInstance: {fileID: 0}
  m_PrefabAsset: {fileID: 0}
  m_GameObject: {fileID: 2234228546958009810}
  m_Material: {fileID: 0}
  m_IsTrigger: 1
  m_Enabled: 1
  serializedVersion: 2
  m_Size: {x: 1.5, y: 3, z: 1.5}
  m_Center: {x: 0, y: 1.5, z: -0.5}
--- !u!114 &6772924647826588003
MonoBehaviour:
  m_ObjectHideFlags: 0
  m_CorrespondingSourceObject: {fileID: 0}
  m_PrefabInstance: {fileID: 0}
  m_PrefabAsset: {fileID: 0}
  m_GameObject: {fileID: 2234228546958009810}
  m_Enabled: 1
  m_EditorHideFlags: 0
  m_Script: {fileID: 11500000, guid: 05fa7553b72da764389b1273ddc8fb7b, type: 3}
  m_Name: 
  m_EditorClassIdentifier: 
  enterEvent:
    m_PersistentCalls:
      m_Calls:
      - m_Target: {fileID: 3631292492056411829}
        m_TargetAssemblyTypeName: InteractableBehaviour, Assembly-CSharp
        m_MethodName: SetAsInteractableInRange
        m_Mode: 0
        m_Arguments:
          m_ObjectArgument: {fileID: 0}
          m_ObjectArgumentAssemblyTypeName: UnityEngine.Object, UnityEngine
          m_IntArgument: 0
          m_FloatArgument: 0
          m_StringArgument: 
          m_BoolArgument: 0
        m_CallState: 2
  exitEvent:
    m_PersistentCalls:
      m_Calls:
      - m_Target: {fileID: 3631292492056411829}
        m_TargetAssemblyTypeName: InteractableBehaviour, Assembly-CSharp
        m_MethodName: RemoveFromInteractableInRange
        m_Mode: 0
        m_Arguments:
          m_ObjectArgument: {fileID: 0}
          m_ObjectArgumentAssemblyTypeName: UnityEngine.Object, UnityEngine
          m_IntArgument: 0
          m_FloatArgument: 0
          m_StringArgument: 
          m_BoolArgument: 0
        m_CallState: 2
  tagTrigger: 
  layerTrigger:
    serializedVersion: 2
    m_Bits: 64
--- !u!1 &3423959418248782511
GameObject:
  m_ObjectHideFlags: 0
  m_CorrespondingSourceObject: {fileID: 0}
  m_PrefabInstance: {fileID: 0}
  m_PrefabAsset: {fileID: 0}
  serializedVersion: 6
  m_Component:
  - component: {fileID: 7171366651393665230}
  - component: {fileID: 6260386568892891555}
  - component: {fileID: 3631292492056411829}
  m_Layer: 0
  m_Name: Beam_02_Interactable
  m_TagString: Untagged
  m_Icon: {fileID: 0}
  m_NavMeshLayer: 0
  m_StaticEditorFlags: 0
  m_IsActive: 1
--- !u!4 &7171366651393665230
Transform:
  m_ObjectHideFlags: 0
  m_CorrespondingSourceObject: {fileID: 0}
  m_PrefabInstance: {fileID: 0}
  m_PrefabAsset: {fileID: 0}
  m_GameObject: {fileID: 3423959418248782511}
  m_LocalRotation: {x: 0, y: 0, z: 0, w: 1}
  m_LocalPosition: {x: 0, y: 0, z: 0}
  m_LocalScale: {x: 1, y: 1, z: 1}
  m_Children:
  - {fileID: 7661363452346475740}
  - {fileID: 7661363452819271529}
  - {fileID: 7661363451020877549}
  - {fileID: 5788142113191301273}
  - {fileID: 8465483884077717445}
  m_Father: {fileID: 0}
  m_RootOrder: 0
  m_LocalEulerAnglesHint: {x: 0, y: 0, z: 0}
--- !u!320 &6260386568892891555
PlayableDirector:
  m_ObjectHideFlags: 0
  m_CorrespondingSourceObject: {fileID: 0}
  m_PrefabInstance: {fileID: 0}
  m_PrefabAsset: {fileID: 0}
  m_GameObject: {fileID: 3423959418248782511}
  m_Enabled: 1
  serializedVersion: 3
  m_PlayableAsset: {fileID: 11400000, guid: 93c5ccc011c4dc74985525c19a9bbb7e, type: 2}
  m_InitialState: 0
  m_WrapMode: 2
  m_DirectorUpdateMode: 1
  m_InitialTime: 0
  m_SceneBindings:
  - key: {fileID: -2829895301076893367, guid: 93c5ccc011c4dc74985525c19a9bbb7e, type: 2}
    value: {fileID: 5788142113198309195}
  - key: {fileID: -4855095088395076295, guid: 93c5ccc011c4dc74985525c19a9bbb7e, type: 2}
    value: {fileID: 5914207087243566280}
  m_ExposedReferences:
    m_References: []
--- !u!114 &3631292492056411829
MonoBehaviour:
  m_ObjectHideFlags: 0
  m_CorrespondingSourceObject: {fileID: 0}
  m_PrefabInstance: {fileID: 0}
  m_PrefabAsset: {fileID: 0}
  m_GameObject: {fileID: 3423959418248782511}
  m_Enabled: 1
  m_EditorHideFlags: 0
  m_Script: {fileID: 11500000, guid: f9a96120d34f46941854539a4b807dbe, type: 3}
  m_Name: 
  m_EditorClassIdentifier: 
  abilityNeeded: 1
  onTimeUse: 0
  animatorParameterName: 
--- !u!195 &5637334414394767386
NavMeshAgent:
  m_ObjectHideFlags: 0
  m_CorrespondingSourceObject: {fileID: 0}
  m_PrefabInstance: {fileID: 0}
  m_PrefabAsset: {fileID: 0}
  m_GameObject: {fileID: 5788142113190874361}
  m_Enabled: 1
  m_AgentTypeID: 0
  m_Radius: 0.5
  m_Speed: 3.5
  m_Acceleration: 8
  avoidancePriority: 50
  m_AngularSpeed: 120
  m_StoppingDistance: 0
  m_AutoTraverseOffMeshLink: 1
  m_AutoBraking: 1
  m_AutoRepath: 1
  m_Height: 2
  m_BaseOffset: 0
  m_WalkableMask: 4294967295
  m_ObstacleAvoidanceType: 4
--- !u!114 &5914207087243566280
MonoBehaviour:
  m_ObjectHideFlags: 0
  m_CorrespondingSourceObject: {fileID: 0}
  m_PrefabInstance: {fileID: 0}
  m_PrefabAsset: {fileID: 0}
  m_GameObject: {fileID: 5788142113190874361}
  m_Enabled: 1
  m_EditorHideFlags: 0
  m_Script: {fileID: 11500000, guid: e52de21a22b6dd44c9cc19f810c65059, type: 3}
  m_Name: 
  m_EditorClassIdentifier: 
  m_Events:
    m_Signals:
    - {fileID: 11400000, guid: 25ace42e4a05f3a498750d8fb45f8c54, type: 2}
    - {fileID: 11400000, guid: 5068713faee53cf4fa2a2ae6cd973006, type: 2}
    m_Events:
    - m_PersistentCalls:
        m_Calls:
        - m_Target: {fileID: 5637334414394767386}
          m_TargetAssemblyTypeName: UnityEngine.Behaviour, UnityEngine
          m_MethodName: set_enabled
          m_Mode: 6
          m_Arguments:
            m_ObjectArgument: {fileID: 0}
            m_ObjectArgumentAssemblyTypeName: UnityEngine.Object, UnityEngine
            m_IntArgument: 0
            m_FloatArgument: 0
            m_StringArgument: 
            m_BoolArgument: 0
          m_CallState: 2
    - m_PersistentCalls:
        m_Calls:
        - m_Target: {fileID: 5637334414394767386}
          m_TargetAssemblyTypeName: UnityEngine.Behaviour, UnityEngine
          m_MethodName: set_enabled
          m_Mode: 6
          m_Arguments:
            m_ObjectArgument: {fileID: 0}
            m_ObjectArgumentAssemblyTypeName: UnityEngine.Object, UnityEngine
            m_IntArgument: 0
            m_FloatArgument: 0
            m_StringArgument: 
            m_BoolArgument: 1
          m_CallState: 2
--- !u!1001 &5788142113190906411
PrefabInstance:
  m_ObjectHideFlags: 0
  serializedVersion: 2
  m_Modification:
    m_TransformParent: {fileID: 7171366651393665230}
    m_Modifications:
    - target: {fileID: 100050, guid: e57e9b8cd5e115f4f8d7736473e5c7fd, type: 3}
      propertyPath: m_Name
      value: Dummy
      objectReference: {fileID: 0}
    - target: {fileID: 100050, guid: e57e9b8cd5e115f4f8d7736473e5c7fd, type: 3}
      propertyPath: m_IsActive
      value: 0
      objectReference: {fileID: 0}
    - target: {fileID: 400004, guid: e57e9b8cd5e115f4f8d7736473e5c7fd, type: 3}
      propertyPath: m_LocalPosition.x
      value: -0.109315425
      objectReference: {fileID: 0}
    - target: {fileID: 400004, guid: e57e9b8cd5e115f4f8d7736473e5c7fd, type: 3}
      propertyPath: m_LocalPosition.y
      value: -0.002662665
      objectReference: {fileID: 0}
    - target: {fileID: 400004, guid: e57e9b8cd5e115f4f8d7736473e5c7fd, type: 3}
      propertyPath: m_LocalPosition.z
      value: -0.000000007450581
      objectReference: {fileID: 0}
    - target: {fileID: 400004, guid: e57e9b8cd5e115f4f8d7736473e5c7fd, type: 3}
      propertyPath: m_LocalRotation.w
      value: 0.9999785
      objectReference: {fileID: 0}
    - target: {fileID: 400004, guid: e57e9b8cd5e115f4f8d7736473e5c7fd, type: 3}
      propertyPath: m_LocalRotation.x
      value: -0.000000009192126
      objectReference: {fileID: 0}
    - target: {fileID: 400004, guid: e57e9b8cd5e115f4f8d7736473e5c7fd, type: 3}
      propertyPath: m_LocalRotation.y
      value: -0.000000152389
      objectReference: {fileID: 0}
    - target: {fileID: 400004, guid: e57e9b8cd5e115f4f8d7736473e5c7fd, type: 3}
      propertyPath: m_LocalRotation.z
      value: -0.0065582828
      objectReference: {fileID: 0}
    - target: {fileID: 400006, guid: e57e9b8cd5e115f4f8d7736473e5c7fd, type: 3}
      propertyPath: m_LocalPosition.x
      value: -0.054388717
      objectReference: {fileID: 0}
    - target: {fileID: 400006, guid: e57e9b8cd5e115f4f8d7736473e5c7fd, type: 3}
      propertyPath: m_LocalPosition.y
      value: 0.00000019744036
      objectReference: {fileID: 0}
    - target: {fileID: 400006, guid: e57e9b8cd5e115f4f8d7736473e5c7fd, type: 3}
      propertyPath: m_LocalPosition.z
      value: -8.585631e-10
      objectReference: {fileID: 0}
    - target: {fileID: 400006, guid: e57e9b8cd5e115f4f8d7736473e5c7fd, type: 3}
      propertyPath: m_LocalRotation.w
      value: -0.99927735
      objectReference: {fileID: 0}
    - target: {fileID: 400006, guid: e57e9b8cd5e115f4f8d7736473e5c7fd, type: 3}
      propertyPath: m_LocalRotation.x
      value: -0.0044099763
      objectReference: {fileID: 0}
    - target: {fileID: 400006, guid: e57e9b8cd5e115f4f8d7736473e5c7fd, type: 3}
      propertyPath: m_LocalRotation.y
      value: 0.0016420863
      objectReference: {fileID: 0}
    - target: {fileID: 400006, guid: e57e9b8cd5e115f4f8d7736473e5c7fd, type: 3}
      propertyPath: m_LocalRotation.z
      value: 0.037719727
      objectReference: {fileID: 0}
    - target: {fileID: 400008, guid: e57e9b8cd5e115f4f8d7736473e5c7fd, type: 3}
      propertyPath: m_LocalPosition.x
      value: -0.17315145
      objectReference: {fileID: 0}
    - target: {fileID: 400008, guid: e57e9b8cd5e115f4f8d7736473e5c7fd, type: 3}
      propertyPath: m_LocalPosition.y
      value: -0.026357505
      objectReference: {fileID: 0}
    - target: {fileID: 400008, guid: e57e9b8cd5e115f4f8d7736473e5c7fd, type: 3}
      propertyPath: m_LocalPosition.z
      value: 0.049068216
      objectReference: {fileID: 0}
    - target: {fileID: 400008, guid: e57e9b8cd5e115f4f8d7736473e5c7fd, type: 3}
      propertyPath: m_LocalRotation.w
      value: -0.9999911
      objectReference: {fileID: 0}
    - target: {fileID: 400008, guid: e57e9b8cd5e115f4f8d7736473e5c7fd, type: 3}
      propertyPath: m_LocalRotation.x
      value: 0.0041327844
      objectReference: {fileID: 0}
    - target: {fileID: 400008, guid: e57e9b8cd5e115f4f8d7736473e5c7fd, type: 3}
      propertyPath: m_LocalRotation.y
      value: -0.0008503309
      objectReference: {fileID: 0}
    - target: {fileID: 400008, guid: e57e9b8cd5e115f4f8d7736473e5c7fd, type: 3}
      propertyPath: m_LocalRotation.z
      value: -0.00025124074
      objectReference: {fileID: 0}
    - target: {fileID: 400010, guid: e57e9b8cd5e115f4f8d7736473e5c7fd, type: 3}
      propertyPath: m_LocalPosition.x
      value: -0.5950511
      objectReference: {fileID: 0}
    - target: {fileID: 400010, guid: e57e9b8cd5e115f4f8d7736473e5c7fd, type: 3}
      propertyPath: m_LocalPosition.y
      value: 0.0000002384185
      objectReference: {fileID: 0}
    - target: {fileID: 400010, guid: e57e9b8cd5e115f4f8d7736473e5c7fd, type: 3}
      propertyPath: m_LocalPosition.z
      value: 0.00000027939674
      objectReference: {fileID: 0}
    - target: {fileID: 400010, guid: e57e9b8cd5e115f4f8d7736473e5c7fd, type: 3}
      propertyPath: m_LocalRotation.w
      value: 0.99706507
      objectReference: {fileID: 0}
    - target: {fileID: 400010, guid: e57e9b8cd5e115f4f8d7736473e5c7fd, type: 3}
      propertyPath: m_LocalRotation.x
      value: 0.008471049
      objectReference: {fileID: 0}
    - target: {fileID: 400010, guid: e57e9b8cd5e115f4f8d7736473e5c7fd, type: 3}
      propertyPath: m_LocalRotation.y
      value: -0.030312272
      objectReference: {fileID: 0}
    - target: {fileID: 400010, guid: e57e9b8cd5e115f4f8d7736473e5c7fd, type: 3}
      propertyPath: m_LocalRotation.z
      value: -0.069790915
      objectReference: {fileID: 0}
    - target: {fileID: 400012, guid: e57e9b8cd5e115f4f8d7736473e5c7fd, type: 3}
      propertyPath: m_LocalPosition.x
      value: -0.59168005
      objectReference: {fileID: 0}
    - target: {fileID: 400012, guid: e57e9b8cd5e115f4f8d7736473e5c7fd, type: 3}
      propertyPath: m_LocalPosition.y
      value: 0.00000017881388
      objectReference: {fileID: 0}
    - target: {fileID: 400012, guid: e57e9b8cd5e115f4f8d7736473e5c7fd, type: 3}
      propertyPath: m_LocalPosition.z
      value: 0.00000023096794
      objectReference: {fileID: 0}
    - target: {fileID: 400012, guid: e57e9b8cd5e115f4f8d7736473e5c7fd, type: 3}
      propertyPath: m_LocalRotation.w
      value: 0.99479675
      objectReference: {fileID: 0}
    - target: {fileID: 400012, guid: e57e9b8cd5e115f4f8d7736473e5c7fd, type: 3}
      propertyPath: m_LocalRotation.x
      value: -0.028928613
      objectReference: {fileID: 0}
    - target: {fileID: 400012, guid: e57e9b8cd5e115f4f8d7736473e5c7fd, type: 3}
      propertyPath: m_LocalRotation.y
      value: -0.024151038
      objectReference: {fileID: 0}
    - target: {fileID: 400012, guid: e57e9b8cd5e115f4f8d7736473e5c7fd, type: 3}
      propertyPath: m_LocalRotation.z
      value: 0.09465453
      objectReference: {fileID: 0}
    - target: {fileID: 400014, guid: e57e9b8cd5e115f4f8d7736473e5c7fd, type: 3}
      propertyPath: m_LocalPosition.x
      value: -0.000000029802298
      objectReference: {fileID: 0}
    - target: {fileID: 400014, guid: e57e9b8cd5e115f4f8d7736473e5c7fd, type: 3}
      propertyPath: m_LocalPosition.y
      value: -0.00000012128689
      objectReference: {fileID: 0}
    - target: {fileID: 400014, guid: e57e9b8cd5e115f4f8d7736473e5c7fd, type: 3}
      propertyPath: m_LocalPosition.z
      value: -0.11652331
      objectReference: {fileID: 0}
    - target: {fileID: 400014, guid: e57e9b8cd5e115f4f8d7736473e5c7fd, type: 3}
      propertyPath: m_LocalRotation.w
      value: 0.026198622
      objectReference: {fileID: 0}
    - target: {fileID: 400014, guid: e57e9b8cd5e115f4f8d7736473e5c7fd, type: 3}
      propertyPath: m_LocalRotation.x
      value: 0.025381664
      objectReference: {fileID: 0}
    - target: {fileID: 400014, guid: e57e9b8cd5e115f4f8d7736473e5c7fd, type: 3}
      propertyPath: m_LocalRotation.y
      value: -0.9992329
      objectReference: {fileID: 0}
    - target: {fileID: 400014, guid: e57e9b8cd5e115f4f8d7736473e5c7fd, type: 3}
      propertyPath: m_LocalRotation.z
      value: 0.014253377
      objectReference: {fileID: 0}
    - target: {fileID: 400016, guid: e57e9b8cd5e115f4f8d7736473e5c7fd, type: 3}
      propertyPath: m_LocalPosition.x
      value: -0.35551256
      objectReference: {fileID: 0}
    - target: {fileID: 400016, guid: e57e9b8cd5e115f4f8d7736473e5c7fd, type: 3}
      propertyPath: m_LocalPosition.y
      value: 0.000000118277875
      objectReference: {fileID: 0}
    - target: {fileID: 400016, guid: e57e9b8cd5e115f4f8d7736473e5c7fd, type: 3}
      propertyPath: m_LocalPosition.z
      value: 0.00000022165477
      objectReference: {fileID: 0}
    - target: {fileID: 400016, guid: e57e9b8cd5e115f4f8d7736473e5c7fd, type: 3}
      propertyPath: m_LocalRotation.w
      value: 0.9965873
      objectReference: {fileID: 0}
    - target: {fileID: 400016, guid: e57e9b8cd5e115f4f8d7736473e5c7fd, type: 3}
      propertyPath: m_LocalRotation.x
      value: -0.022452261
      objectReference: {fileID: 0}
    - target: {fileID: 400016, guid: e57e9b8cd5e115f4f8d7736473e5c7fd, type: 3}
      propertyPath: m_LocalRotation.y
      value: -0.016210943
      objectReference: {fileID: 0}
    - target: {fileID: 400016, guid: e57e9b8cd5e115f4f8d7736473e5c7fd, type: 3}
      propertyPath: m_LocalRotation.z
      value: 0.07776308
      objectReference: {fileID: 0}
    - target: {fileID: 400018, guid: e57e9b8cd5e115f4f8d7736473e5c7fd, type: 3}
      propertyPath: m_LocalPosition.x
      value: -0.27203572
      objectReference: {fileID: 0}
    - target: {fileID: 400018, guid: e57e9b8cd5e115f4f8d7736473e5c7fd, type: 3}
      propertyPath: m_LocalPosition.y
      value: 0.000000271946
      objectReference: {fileID: 0}
    - target: {fileID: 400018, guid: e57e9b8cd5e115f4f8d7736473e5c7fd, type: 3}
      propertyPath: m_LocalPosition.z
      value: 0.00000020116572
      objectReference: {fileID: 0}
    - target: {fileID: 400018, guid: e57e9b8cd5e115f4f8d7736473e5c7fd, type: 3}
      propertyPath: m_LocalRotation.w
      value: -0.99229234
      objectReference: {fileID: 0}
    - target: {fileID: 400018, guid: e57e9b8cd5e115f4f8d7736473e5c7fd, type: 3}
      propertyPath: m_LocalRotation.x
      value: 0.04338311
      objectReference: {fileID: 0}
    - target: {fileID: 400018, guid: e57e9b8cd5e115f4f8d7736473e5c7fd, type: 3}
      propertyPath: m_LocalRotation.y
      value: 0.11063675
      objectReference: {fileID: 0}
    - target: {fileID: 400018, guid: e57e9b8cd5e115f4f8d7736473e5c7fd, type: 3}
      propertyPath: m_LocalRotation.z
      value: -0.035120554
      objectReference: {fileID: 0}
    - target: {fileID: 400020, guid: e57e9b8cd5e115f4f8d7736473e5c7fd, type: 3}
      propertyPath: m_LocalPosition.x
      value: -0.05438871
      objectReference: {fileID: 0}
    - target: {fileID: 400020, guid: e57e9b8cd5e115f4f8d7736473e5c7fd, type: 3}
      propertyPath: m_LocalPosition.y
      value: -0.00000003911553
      objectReference: {fileID: 0}
    - target: {fileID: 400020, guid: e57e9b8cd5e115f4f8d7736473e5c7fd, type: 3}
      propertyPath: m_LocalPosition.z
      value: -0.000000002211892
      objectReference: {fileID: 0}
    - target: {fileID: 400020, guid: e57e9b8cd5e115f4f8d7736473e5c7fd, type: 3}
      propertyPath: m_LocalRotation.w
      value: 0.99927723
      objectReference: {fileID: 0}
    - target: {fileID: 400020, guid: e57e9b8cd5e115f4f8d7736473e5c7fd, type: 3}
      propertyPath: m_LocalRotation.x
      value: -0.004409858
      objectReference: {fileID: 0}
    - target: {fileID: 400020, guid: e57e9b8cd5e115f4f8d7736473e5c7fd, type: 3}
      propertyPath: m_LocalRotation.y
      value: 0.001641727
      objectReference: {fileID: 0}
    - target: {fileID: 400020, guid: e57e9b8cd5e115f4f8d7736473e5c7fd, type: 3}
      propertyPath: m_LocalRotation.z
      value: -0.037723135
      objectReference: {fileID: 0}
    - target: {fileID: 400022, guid: e57e9b8cd5e115f4f8d7736473e5c7fd, type: 3}
      propertyPath: m_LocalPosition.x
      value: -0.17635895
      objectReference: {fileID: 0}
    - target: {fileID: 400022, guid: e57e9b8cd5e115f4f8d7736473e5c7fd, type: 3}
      propertyPath: m_LocalPosition.y
      value: -0.00019800659
      objectReference: {fileID: 0}
    - target: {fileID: 400022, guid: e57e9b8cd5e115f4f8d7736473e5c7fd, type: 3}
      propertyPath: m_LocalPosition.z
      value: -0.0000053520776
      objectReference: {fileID: 0}
    - target: {fileID: 400022, guid: e57e9b8cd5e115f4f8d7736473e5c7fd, type: 3}
      propertyPath: m_LocalRotation.w
      value: 0.9974094
      objectReference: {fileID: 0}
    - target: {fileID: 400022, guid: e57e9b8cd5e115f4f8d7736473e5c7fd, type: 3}
      propertyPath: m_LocalRotation.x
      value: -0.000000051180194
      objectReference: {fileID: 0}
    - target: {fileID: 400022, guid: e57e9b8cd5e115f4f8d7736473e5c7fd, type: 3}
      propertyPath: m_LocalRotation.y
      value: -0.00000016296477
      objectReference: {fileID: 0}
    - target: {fileID: 400022, guid: e57e9b8cd5e115f4f8d7736473e5c7fd, type: 3}
      propertyPath: m_LocalRotation.z
      value: 0.07193422
      objectReference: {fileID: 0}
    - target: {fileID: 400024, guid: e57e9b8cd5e115f4f8d7736473e5c7fd, type: 3}
      propertyPath: m_LocalPosition.x
      value: -0.09260106
      objectReference: {fileID: 0}
    - target: {fileID: 400024, guid: e57e9b8cd5e115f4f8d7736473e5c7fd, type: 3}
      propertyPath: m_LocalPosition.y
      value: 0.033959802
      objectReference: {fileID: 0}
    - target: {fileID: 400024, guid: e57e9b8cd5e115f4f8d7736473e5c7fd, type: 3}
      propertyPath: m_LocalPosition.z
      value: -0.00003271922
      objectReference: {fileID: 0}
    - target: {fileID: 400024, guid: e57e9b8cd5e115f4f8d7736473e5c7fd, type: 3}
      propertyPath: m_LocalRotation.w
      value: -0.9999836
      objectReference: {fileID: 0}
    - target: {fileID: 400024, guid: e57e9b8cd5e115f4f8d7736473e5c7fd, type: 3}
      propertyPath: m_LocalRotation.x
      value: 0.000001651598
      objectReference: {fileID: 0}
    - target: {fileID: 400024, guid: e57e9b8cd5e115f4f8d7736473e5c7fd, type: 3}
      propertyPath: m_LocalRotation.y
      value: -0.00000002734749
      objectReference: {fileID: 0}
    - target: {fileID: 400024, guid: e57e9b8cd5e115f4f8d7736473e5c7fd, type: 3}
      propertyPath: m_LocalRotation.z
      value: -0.00572727
      objectReference: {fileID: 0}
    - target: {fileID: 400026, guid: e57e9b8cd5e115f4f8d7736473e5c7fd, type: 3}
      propertyPath: m_LocalPosition.x
      value: -0.006266597
      objectReference: {fileID: 0}
    - target: {fileID: 400026, guid: e57e9b8cd5e115f4f8d7736473e5c7fd, type: 3}
      propertyPath: m_LocalPosition.y
      value: 0.0032497644
      objectReference: {fileID: 0}
    - target: {fileID: 400026, guid: e57e9b8cd5e115f4f8d7736473e5c7fd, type: 3}
      propertyPath: m_LocalPosition.z
      value: 1.3709426
      objectReference: {fileID: 0}
    - target: {fileID: 400026, guid: e57e9b8cd5e115f4f8d7736473e5c7fd, type: 3}
      propertyPath: m_LocalRotation.w
      value: 0.50108594
      objectReference: {fileID: 0}
    - target: {fileID: 400026, guid: e57e9b8cd5e115f4f8d7736473e5c7fd, type: 3}
      propertyPath: m_LocalRotation.x
      value: -0.5010869
      objectReference: {fileID: 0}
    - target: {fileID: 400026, guid: e57e9b8cd5e115f4f8d7736473e5c7fd, type: 3}
      propertyPath: m_LocalRotation.y
      value: 0.49891287
      objectReference: {fileID: 0}
    - target: {fileID: 400026, guid: e57e9b8cd5e115f4f8d7736473e5c7fd, type: 3}
      propertyPath: m_LocalRotation.z
      value: 0.49890953
      objectReference: {fileID: 0}
    - target: {fileID: 400028, guid: e57e9b8cd5e115f4f8d7736473e5c7fd, type: 3}
      propertyPath: m_LocalPosition.x
      value: -0.048671015
      objectReference: {fileID: 0}
    - target: {fileID: 400028, guid: e57e9b8cd5e115f4f8d7736473e5c7fd, type: 3}
      propertyPath: m_LocalPosition.y
      value: -0.000000013038522
      objectReference: {fileID: 0}
    - target: {fileID: 400028, guid: e57e9b8cd5e115f4f8d7736473e5c7fd, type: 3}
      propertyPath: m_LocalPosition.z
      value: 0.000000044703484
      objectReference: {fileID: 0}
    - target: {fileID: 400028, guid: e57e9b8cd5e115f4f8d7736473e5c7fd, type: 3}
      propertyPath: m_LocalRotation.w
      value: -0.99921834
      objectReference: {fileID: 0}
    - target: {fileID: 400028, guid: e57e9b8cd5e115f4f8d7736473e5c7fd, type: 3}
      propertyPath: m_LocalRotation.x
      value: -0.019504426
      objectReference: {fileID: 0}
    - target: {fileID: 400028, guid: e57e9b8cd5e115f4f8d7736473e5c7fd, type: 3}
      propertyPath: m_LocalRotation.y
      value: 0.002784461
      objectReference: {fileID: 0}
    - target: {fileID: 400028, guid: e57e9b8cd5e115f4f8d7736473e5c7fd, type: 3}
      propertyPath: m_LocalRotation.z
      value: 0.03427336
      objectReference: {fileID: 0}
    - target: {fileID: 400030, guid: e57e9b8cd5e115f4f8d7736473e5c7fd, type: 3}
      propertyPath: m_LocalPosition.x
      value: -0.12316867
      objectReference: {fileID: 0}
    - target: {fileID: 400030, guid: e57e9b8cd5e115f4f8d7736473e5c7fd, type: 3}
      propertyPath: m_LocalPosition.y
      value: -0.005208714
      objectReference: {fileID: 0}
    - target: {fileID: 400030, guid: e57e9b8cd5e115f4f8d7736473e5c7fd, type: 3}
      propertyPath: m_LocalPosition.z
      value: 0.095638804
      objectReference: {fileID: 0}
    - target: {fileID: 400030, guid: e57e9b8cd5e115f4f8d7736473e5c7fd, type: 3}
      propertyPath: m_LocalRotation.w
      value: -0.8777996
      objectReference: {fileID: 0}
    - target: {fileID: 400030, guid: e57e9b8cd5e115f4f8d7736473e5c7fd, type: 3}
      propertyPath: m_LocalRotation.x
      value: 0.32810912
      objectReference: {fileID: 0}
    - target: {fileID: 400030, guid: e57e9b8cd5e115f4f8d7736473e5c7fd, type: 3}
      propertyPath: m_LocalRotation.y
      value: -0.32892424
      objectReference: {fileID: 0}
    - target: {fileID: 400030, guid: e57e9b8cd5e115f4f8d7736473e5c7fd, type: 3}
      propertyPath: m_LocalRotation.z
      value: -0.11671028
      objectReference: {fileID: 0}
    - target: {fileID: 400032, guid: e57e9b8cd5e115f4f8d7736473e5c7fd, type: 3}
      propertyPath: m_LocalPosition.x
      value: -0.3548963
      objectReference: {fileID: 0}
    - target: {fileID: 400032, guid: e57e9b8cd5e115f4f8d7736473e5c7fd, type: 3}
      propertyPath: m_LocalPosition.y
      value: -0.0000001527369
      objectReference: {fileID: 0}
    - target: {fileID: 400032, guid: e57e9b8cd5e115f4f8d7736473e5c7fd, type: 3}
      propertyPath: m_LocalPosition.z
      value: -0.00000042095786
      objectReference: {fileID: 0}
    - target: {fileID: 400032, guid: e57e9b8cd5e115f4f8d7736473e5c7fd, type: 3}
      propertyPath: m_LocalRotation.w
      value: -0.6879476
      objectReference: {fileID: 0}
    - target: {fileID: 400032, guid: e57e9b8cd5e115f4f8d7736473e5c7fd, type: 3}
      propertyPath: m_LocalRotation.x
      value: -0.72012943
      objectReference: {fileID: 0}
    - target: {fileID: 400032, guid: e57e9b8cd5e115f4f8d7736473e5c7fd, type: 3}
      propertyPath: m_LocalRotation.y
      value: 0.030197702
      objectReference: {fileID: 0}
    - target: {fileID: 400032, guid: e57e9b8cd5e115f4f8d7736473e5c7fd, type: 3}
      propertyPath: m_LocalRotation.z
      value: 0.08502924
      objectReference: {fileID: 0}
    - target: {fileID: 400034, guid: e57e9b8cd5e115f4f8d7736473e5c7fd, type: 3}
      propertyPath: m_LocalPosition.x
      value: -0.595051
      objectReference: {fileID: 0}
    - target: {fileID: 400034, guid: e57e9b8cd5e115f4f8d7736473e5c7fd, type: 3}
      propertyPath: m_LocalPosition.y
      value: 0.0000002384185
      objectReference: {fileID: 0}
    - target: {fileID: 400034, guid: e57e9b8cd5e115f4f8d7736473e5c7fd, type: 3}
      propertyPath: m_LocalPosition.z
      value: 0.00000012665986
      objectReference: {fileID: 0}
    - target: {fileID: 400034, guid: e57e9b8cd5e115f4f8d7736473e5c7fd, type: 3}
      propertyPath: m_LocalRotation.w
      value: 0.997065
      objectReference: {fileID: 0}
    - target: {fileID: 400034, guid: e57e9b8cd5e115f4f8d7736473e5c7fd, type: 3}
      propertyPath: m_LocalRotation.x
      value: -0.008470403
      objectReference: {fileID: 0}
    - target: {fileID: 400034, guid: e57e9b8cd5e115f4f8d7736473e5c7fd, type: 3}
      propertyPath: m_LocalRotation.y
      value: 0.030312417
      objectReference: {fileID: 0}
    - target: {fileID: 400034, guid: e57e9b8cd5e115f4f8d7736473e5c7fd, type: 3}
      propertyPath: m_LocalRotation.z
      value: -0.06979057
      objectReference: {fileID: 0}
    - target: {fileID: 400036, guid: e57e9b8cd5e115f4f8d7736473e5c7fd, type: 3}
      propertyPath: m_LocalPosition.x
      value: -0.5916799
      objectReference: {fileID: 0}
    - target: {fileID: 400036, guid: e57e9b8cd5e115f4f8d7736473e5c7fd, type: 3}
      propertyPath: m_LocalPosition.y
      value: 0.000000059604638
      objectReference: {fileID: 0}
    - target: {fileID: 400036, guid: e57e9b8cd5e115f4f8d7736473e5c7fd, type: 3}
      propertyPath: m_LocalPosition.z
      value: 0.000000167638
      objectReference: {fileID: 0}
    - target: {fileID: 400036, guid: e57e9b8cd5e115f4f8d7736473e5c7fd, type: 3}
      propertyPath: m_LocalRotation.w
      value: 0.99479675
      objectReference: {fileID: 0}
    - target: {fileID: 400036, guid: e57e9b8cd5e115f4f8d7736473e5c7fd, type: 3}
      propertyPath: m_LocalRotation.x
      value: 0.02892656
      objectReference: {fileID: 0}
    - target: {fileID: 400036, guid: e57e9b8cd5e115f4f8d7736473e5c7fd, type: 3}
      propertyPath: m_LocalRotation.y
      value: 0.024150522
      objectReference: {fileID: 0}
    - target: {fileID: 400036, guid: e57e9b8cd5e115f4f8d7736473e5c7fd, type: 3}
      propertyPath: m_LocalRotation.z
      value: 0.09465445
      objectReference: {fileID: 0}
    - target: {fileID: 400038, guid: e57e9b8cd5e115f4f8d7736473e5c7fd, type: 3}
      propertyPath: m_LocalPosition.x
      value: 0.000000029802305
      objectReference: {fileID: 0}
    - target: {fileID: 400038, guid: e57e9b8cd5e115f4f8d7736473e5c7fd, type: 3}
      propertyPath: m_LocalPosition.y
      value: 0.00000017344121
      objectReference: {fileID: 0}
    - target: {fileID: 400038, guid: e57e9b8cd5e115f4f8d7736473e5c7fd, type: 3}
      propertyPath: m_LocalPosition.z
      value: 0.1165234
      objectReference: {fileID: 0}
    - target: {fileID: 400038, guid: e57e9b8cd5e115f4f8d7736473e5c7fd, type: 3}
      propertyPath: m_LocalRotation.w
      value: -0.0261986
      objectReference: {fileID: 0}
    - target: {fileID: 400038, guid: e57e9b8cd5e115f4f8d7736473e5c7fd, type: 3}
      propertyPath: m_LocalRotation.x
      value: 0.025381694
      objectReference: {fileID: 0}
    - target: {fileID: 400038, guid: e57e9b8cd5e115f4f8d7736473e5c7fd, type: 3}
      propertyPath: m_LocalRotation.y
      value: -0.9992329
      objectReference: {fileID: 0}
    - target: {fileID: 400038, guid: e57e9b8cd5e115f4f8d7736473e5c7fd, type: 3}
      propertyPath: m_LocalRotation.z
      value: -0.014250618
      objectReference: {fileID: 0}
    - target: {fileID: 400044, guid: e57e9b8cd5e115f4f8d7736473e5c7fd, type: 3}
      propertyPath: m_LocalPosition.x
      value: -0.35489595
      objectReference: {fileID: 0}
    - target: {fileID: 400044, guid: e57e9b8cd5e115f4f8d7736473e5c7fd, type: 3}
      propertyPath: m_LocalPosition.y
      value: -0.000000074505806
      objectReference: {fileID: 0}
    - target: {fileID: 400044, guid: e57e9b8cd5e115f4f8d7736473e5c7fd, type: 3}
      propertyPath: m_LocalPosition.z
      value: -0.00000012293467
      objectReference: {fileID: 0}
    - target: {fileID: 400044, guid: e57e9b8cd5e115f4f8d7736473e5c7fd, type: 3}
      propertyPath: m_LocalRotation.w
      value: -0.6879476
      objectReference: {fileID: 0}
    - target: {fileID: 400044, guid: e57e9b8cd5e115f4f8d7736473e5c7fd, type: 3}
      propertyPath: m_LocalRotation.x
      value: 0.72012943
      objectReference: {fileID: 0}
    - target: {fileID: 400044, guid: e57e9b8cd5e115f4f8d7736473e5c7fd, type: 3}
      propertyPath: m_LocalRotation.y
      value: -0.030197944
      objectReference: {fileID: 0}
    - target: {fileID: 400044, guid: e57e9b8cd5e115f4f8d7736473e5c7fd, type: 3}
      propertyPath: m_LocalRotation.z
      value: 0.08502914
      objectReference: {fileID: 0}
    - target: {fileID: 400046, guid: e57e9b8cd5e115f4f8d7736473e5c7fd, type: 3}
      propertyPath: m_LocalPosition.x
      value: -0.3555122
      objectReference: {fileID: 0}
    - target: {fileID: 400046, guid: e57e9b8cd5e115f4f8d7736473e5c7fd, type: 3}
      propertyPath: m_LocalPosition.y
      value: -0.000000031664964
      objectReference: {fileID: 0}
    - target: {fileID: 400046, guid: e57e9b8cd5e115f4f8d7736473e5c7fd, type: 3}
      propertyPath: m_LocalPosition.z
      value: 0.00000017601997
      objectReference: {fileID: 0}
    - target: {fileID: 400046, guid: e57e9b8cd5e115f4f8d7736473e5c7fd, type: 3}
      propertyPath: m_LocalRotation.w
      value: 0.9965871
      objectReference: {fileID: 0}
    - target: {fileID: 400046, guid: e57e9b8cd5e115f4f8d7736473e5c7fd, type: 3}
      propertyPath: m_LocalRotation.x
      value: 0.022453738
      objectReference: {fileID: 0}
    - target: {fileID: 400046, guid: e57e9b8cd5e115f4f8d7736473e5c7fd, type: 3}
      propertyPath: m_LocalRotation.y
      value: 0.016211687
      objectReference: {fileID: 0}
    - target: {fileID: 400046, guid: e57e9b8cd5e115f4f8d7736473e5c7fd, type: 3}
      propertyPath: m_LocalRotation.z
      value: 0.07776346
      objectReference: {fileID: 0}
    - target: {fileID: 400048, guid: e57e9b8cd5e115f4f8d7736473e5c7fd, type: 3}
      propertyPath: m_LocalPosition.x
      value: -0.27203578
      objectReference: {fileID: 0}
    - target: {fileID: 400048, guid: e57e9b8cd5e115f4f8d7736473e5c7fd, type: 3}
      propertyPath: m_LocalPosition.y
      value: 0.000000048428753
      objectReference: {fileID: 0}
    - target: {fileID: 400048, guid: e57e9b8cd5e115f4f8d7736473e5c7fd, type: 3}
      propertyPath: m_LocalPosition.z
      value: 0.000000015832487
      objectReference: {fileID: 0}
    - target: {fileID: 400048, guid: e57e9b8cd5e115f4f8d7736473e5c7fd, type: 3}
      propertyPath: m_LocalRotation.w
      value: 0.9922923
      objectReference: {fileID: 0}
    - target: {fileID: 400048, guid: e57e9b8cd5e115f4f8d7736473e5c7fd, type: 3}
      propertyPath: m_LocalRotation.x
      value: 0.043383256
      objectReference: {fileID: 0}
    - target: {fileID: 400048, guid: e57e9b8cd5e115f4f8d7736473e5c7fd, type: 3}
      propertyPath: m_LocalRotation.y
      value: 0.110636905
      objectReference: {fileID: 0}
    - target: {fileID: 400048, guid: e57e9b8cd5e115f4f8d7736473e5c7fd, type: 3}
      propertyPath: m_LocalRotation.z
      value: 0.035120685
      objectReference: {fileID: 0}
    - target: {fileID: 400050, guid: e57e9b8cd5e115f4f8d7736473e5c7fd, type: 3}
      propertyPath: m_RootOrder
      value: 3
      objectReference: {fileID: 0}
    - target: {fileID: 400050, guid: e57e9b8cd5e115f4f8d7736473e5c7fd, type: 3}
      propertyPath: m_LocalPosition.x
      value: 0
      objectReference: {fileID: 0}
    - target: {fileID: 400050, guid: e57e9b8cd5e115f4f8d7736473e5c7fd, type: 3}
      propertyPath: m_LocalPosition.y
      value: 0.3
      objectReference: {fileID: 0}
    - target: {fileID: 400050, guid: e57e9b8cd5e115f4f8d7736473e5c7fd, type: 3}
      propertyPath: m_LocalPosition.z
      value: -1
      objectReference: {fileID: 0}
    - target: {fileID: 400050, guid: e57e9b8cd5e115f4f8d7736473e5c7fd, type: 3}
      propertyPath: m_LocalRotation.w
      value: 1
      objectReference: {fileID: 0}
    - target: {fileID: 400050, guid: e57e9b8cd5e115f4f8d7736473e5c7fd, type: 3}
      propertyPath: m_LocalRotation.x
      value: -0
      objectReference: {fileID: 0}
    - target: {fileID: 400050, guid: e57e9b8cd5e115f4f8d7736473e5c7fd, type: 3}
      propertyPath: m_LocalRotation.y
      value: -0
      objectReference: {fileID: 0}
    - target: {fileID: 400050, guid: e57e9b8cd5e115f4f8d7736473e5c7fd, type: 3}
      propertyPath: m_LocalRotation.z
      value: -0
      objectReference: {fileID: 0}
    - target: {fileID: 400050, guid: e57e9b8cd5e115f4f8d7736473e5c7fd, type: 3}
      propertyPath: m_LocalEulerAnglesHint.x
      value: 0
      objectReference: {fileID: 0}
    - target: {fileID: 400050, guid: e57e9b8cd5e115f4f8d7736473e5c7fd, type: 3}
      propertyPath: m_LocalEulerAnglesHint.y
      value: 0
      objectReference: {fileID: 0}
    - target: {fileID: 400050, guid: e57e9b8cd5e115f4f8d7736473e5c7fd, type: 3}
      propertyPath: m_LocalEulerAnglesHint.z
      value: 0
      objectReference: {fileID: 0}
    - target: {fileID: 400052, guid: e57e9b8cd5e115f4f8d7736473e5c7fd, type: 3}
      propertyPath: m_LocalPosition.x
      value: -0.17315133
      objectReference: {fileID: 0}
    - target: {fileID: 400052, guid: e57e9b8cd5e115f4f8d7736473e5c7fd, type: 3}
      propertyPath: m_LocalPosition.y
      value: -0.026357606
      objectReference: {fileID: 0}
    - target: {fileID: 400052, guid: e57e9b8cd5e115f4f8d7736473e5c7fd, type: 3}
      propertyPath: m_LocalPosition.z
      value: -0.04906814
      objectReference: {fileID: 0}
    - target: {fileID: 400052, guid: e57e9b8cd5e115f4f8d7736473e5c7fd, type: 3}
      propertyPath: m_LocalRotation.w
      value: 0.99999106
      objectReference: {fileID: 0}
    - target: {fileID: 400052, guid: e57e9b8cd5e115f4f8d7736473e5c7fd, type: 3}
      propertyPath: m_LocalRotation.x
      value: 0.0041333227
      objectReference: {fileID: 0}
    - target: {fileID: 400052, guid: e57e9b8cd5e115f4f8d7736473e5c7fd, type: 3}
      propertyPath: m_LocalRotation.y
      value: -0.00085058797
      objectReference: {fileID: 0}
    - target: {fileID: 400052, guid: e57e9b8cd5e115f4f8d7736473e5c7fd, type: 3}
      propertyPath: m_LocalRotation.z
      value: 0.00025135276
      objectReference: {fileID: 0}
    - target: {fileID: 400054, guid: e57e9b8cd5e115f4f8d7736473e5c7fd, type: 3}
      propertyPath: m_LocalPosition.x
      value: -0.048670817
      objectReference: {fileID: 0}
    - target: {fileID: 400054, guid: e57e9b8cd5e115f4f8d7736473e5c7fd, type: 3}
      propertyPath: m_LocalPosition.y
      value: -0.00000015553097
      objectReference: {fileID: 0}
    - target: {fileID: 400054, guid: e57e9b8cd5e115f4f8d7736473e5c7fd, type: 3}
      propertyPath: m_LocalPosition.z
      value: -0.0000001750886
      objectReference: {fileID: 0}
    - target: {fileID: 400054, guid: e57e9b8cd5e115f4f8d7736473e5c7fd, type: 3}
      propertyPath: m_LocalRotation.w
      value: 0.99921834
      objectReference: {fileID: 0}
    - target: {fileID: 400054, guid: e57e9b8cd5e115f4f8d7736473e5c7fd, type: 3}
      propertyPath: m_LocalRotation.x
      value: -0.019505015
      objectReference: {fileID: 0}
    - target: {fileID: 400054, guid: e57e9b8cd5e115f4f8d7736473e5c7fd, type: 3}
      propertyPath: m_LocalRotation.y
      value: 0.002781332
      objectReference: {fileID: 0}
    - target: {fileID: 400054, guid: e57e9b8cd5e115f4f8d7736473e5c7fd, type: 3}
      propertyPath: m_LocalRotation.z
      value: -0.034271985
      objectReference: {fileID: 0}
    - target: {fileID: 400056, guid: e57e9b8cd5e115f4f8d7736473e5c7fd, type: 3}
      propertyPath: m_LocalPosition.x
      value: -0.12316863
      objectReference: {fileID: 0}
    - target: {fileID: 400056, guid: e57e9b8cd5e115f4f8d7736473e5c7fd, type: 3}
      propertyPath: m_LocalPosition.y
      value: -0.0052086934
      objectReference: {fileID: 0}
    - target: {fileID: 400056, guid: e57e9b8cd5e115f4f8d7736473e5c7fd, type: 3}
      propertyPath: m_LocalPosition.z
      value: -0.0956389
      objectReference: {fileID: 0}
    - target: {fileID: 400056, guid: e57e9b8cd5e115f4f8d7736473e5c7fd, type: 3}
      propertyPath: m_LocalRotation.w
      value: 0.8778003
      objectReference: {fileID: 0}
    - target: {fileID: 400056, guid: e57e9b8cd5e115f4f8d7736473e5c7fd, type: 3}
      propertyPath: m_LocalRotation.x
      value: 0.32811016
      objectReference: {fileID: 0}
    - target: {fileID: 400056, guid: e57e9b8cd5e115f4f8d7736473e5c7fd, type: 3}
      propertyPath: m_LocalRotation.y
      value: -0.32892236
      objectReference: {fileID: 0}
    - target: {fileID: 400056, guid: e57e9b8cd5e115f4f8d7736473e5c7fd, type: 3}
      propertyPath: m_LocalRotation.z
      value: 0.116707146
      objectReference: {fileID: 0}
    - target: {fileID: 400064, guid: e57e9b8cd5e115f4f8d7736473e5c7fd, type: 3}
      propertyPath: m_LocalPosition.x
      value: -0.12008573
      objectReference: {fileID: 0}
    - target: {fileID: 400064, guid: e57e9b8cd5e115f4f8d7736473e5c7fd, type: 3}
      propertyPath: m_LocalPosition.y
      value: -0.014548654
      objectReference: {fileID: 0}
    - target: {fileID: 400064, guid: e57e9b8cd5e115f4f8d7736473e5c7fd, type: 3}
      propertyPath: m_LocalPosition.z
      value: 0.053027958
      objectReference: {fileID: 0}
    - target: {fileID: 400064, guid: e57e9b8cd5e115f4f8d7736473e5c7fd, type: 3}
      propertyPath: m_LocalRotation.w
      value: 0.019744275
      objectReference: {fileID: 0}
    - target: {fileID: 400064, guid: e57e9b8cd5e115f4f8d7736473e5c7fd, type: 3}
      propertyPath: m_LocalRotation.x
      value: -0.6094059
      objectReference: {fileID: 0}
    - target: {fileID: 400064, guid: e57e9b8cd5e115f4f8d7736473e5c7fd, type: 3}
      propertyPath: m_LocalRotation.y
      value: -0.024961034
      objectReference: {fileID: 0}
    - target: {fileID: 400064, guid: e57e9b8cd5e115f4f8d7736473e5c7fd, type: 3}
      propertyPath: m_LocalRotation.z
      value: 0.7922194
      objectReference: {fileID: 0}
    - target: {fileID: 400068, guid: e57e9b8cd5e115f4f8d7736473e5c7fd, type: 3}
      propertyPath: m_LocalPosition.x
      value: -0.33548406
      objectReference: {fileID: 0}
    - target: {fileID: 400068, guid: e57e9b8cd5e115f4f8d7736473e5c7fd, type: 3}
      propertyPath: m_LocalPosition.y
      value: -0.030443508
      objectReference: {fileID: 0}
    - target: {fileID: 400068, guid: e57e9b8cd5e115f4f8d7736473e5c7fd, type: 3}
      propertyPath: m_LocalPosition.z
      value: -0.00003743545
      objectReference: {fileID: 0}
    - target: {fileID: 400068, guid: e57e9b8cd5e115f4f8d7736473e5c7fd, type: 3}
      propertyPath: m_LocalRotation.w
      value: -0.9984928
      objectReference: {fileID: 0}
    - target: {fileID: 400068, guid: e57e9b8cd5e115f4f8d7736473e5c7fd, type: 3}
      propertyPath: m_LocalRotation.x
      value: -0.00000035550292
      objectReference: {fileID: 0}
    - target: {fileID: 400068, guid: e57e9b8cd5e115f4f8d7736473e5c7fd, type: 3}
      propertyPath: m_LocalRotation.y
      value: -0.00000053889
      objectReference: {fileID: 0}
    - target: {fileID: 400068, guid: e57e9b8cd5e115f4f8d7736473e5c7fd, type: 3}
      propertyPath: m_LocalRotation.z
      value: 0.05488447
      objectReference: {fileID: 0}
    - target: {fileID: 400070, guid: e57e9b8cd5e115f4f8d7736473e5c7fd, type: 3}
      propertyPath: m_LocalPosition.x
      value: -0.120085746
      objectReference: {fileID: 0}
    - target: {fileID: 400070, guid: e57e9b8cd5e115f4f8d7736473e5c7fd, type: 3}
      propertyPath: m_LocalPosition.y
      value: -0.0145482365
      objectReference: {fileID: 0}
    - target: {fileID: 400070, guid: e57e9b8cd5e115f4f8d7736473e5c7fd, type: 3}
      propertyPath: m_LocalPosition.z
      value: -0.053028066
      objectReference: {fileID: 0}
    - target: {fileID: 400070, guid: e57e9b8cd5e115f4f8d7736473e5c7fd, type: 3}
      propertyPath: m_LocalRotation.w
      value: 0.019742245
      objectReference: {fileID: 0}
    - target: {fileID: 400070, guid: e57e9b8cd5e115f4f8d7736473e5c7fd, type: 3}
      propertyPath: m_LocalRotation.x
      value: 0.60940593
      objectReference: {fileID: 0}
    - target: {fileID: 400070, guid: e57e9b8cd5e115f4f8d7736473e5c7fd, type: 3}
      propertyPath: m_LocalRotation.y
      value: 0.024958352
      objectReference: {fileID: 0}
    - target: {fileID: 400070, guid: e57e9b8cd5e115f4f8d7736473e5c7fd, type: 3}
      propertyPath: m_LocalRotation.z
      value: 0.7922195
      objectReference: {fileID: 0}
    - target: {fileID: 400154, guid: e57e9b8cd5e115f4f8d7736473e5c7fd, type: 3}
      propertyPath: m_LocalPosition.x
      value: -0.04867109
      objectReference: {fileID: 0}
    - target: {fileID: 400154, guid: e57e9b8cd5e115f4f8d7736473e5c7fd, type: 3}
      propertyPath: m_LocalPosition.y
      value: 0.00000030267987
      objectReference: {fileID: 0}
    - target: {fileID: 400154, guid: e57e9b8cd5e115f4f8d7736473e5c7fd, type: 3}
      propertyPath: m_LocalPosition.z
      value: 0.0000000782311
      objectReference: {fileID: 0}
    - target: {fileID: 400154, guid: e57e9b8cd5e115f4f8d7736473e5c7fd, type: 3}
      propertyPath: m_LocalRotation.w
      value: 0.9934096
      objectReference: {fileID: 0}
    - target: {fileID: 400154, guid: e57e9b8cd5e115f4f8d7736473e5c7fd, type: 3}
      propertyPath: m_LocalRotation.x
      value: -0.019699337
      objectReference: {fileID: 0}
    - target: {fileID: 400154, guid: e57e9b8cd5e115f4f8d7736473e5c7fd, type: 3}
      propertyPath: m_LocalRotation.y
      value: -0.0002499018
      objectReference: {fileID: 0}
    - target: {fileID: 400154, guid: e57e9b8cd5e115f4f8d7736473e5c7fd, type: 3}
      propertyPath: m_LocalRotation.z
      value: -0.11291243
      objectReference: {fileID: 0}
    - target: {fileID: 400156, guid: e57e9b8cd5e115f4f8d7736473e5c7fd, type: 3}
      propertyPath: m_LocalPosition.x
      value: -0.054388754
      objectReference: {fileID: 0}
    - target: {fileID: 400156, guid: e57e9b8cd5e115f4f8d7736473e5c7fd, type: 3}
      propertyPath: m_LocalPosition.y
      value: -0.000000061467276
      objectReference: {fileID: 0}
    - target: {fileID: 400156, guid: e57e9b8cd5e115f4f8d7736473e5c7fd, type: 3}
      propertyPath: m_LocalPosition.z
      value: 1.1641539e-10
      objectReference: {fileID: 0}
    - target: {fileID: 400156, guid: e57e9b8cd5e115f4f8d7736473e5c7fd, type: 3}
      propertyPath: m_LocalRotation.w
      value: 0.993197
      objectReference: {fileID: 0}
    - target: {fileID: 400156, guid: e57e9b8cd5e115f4f8d7736473e5c7fd, type: 3}
      propertyPath: m_LocalRotation.x
      value: -0.0046077697
      objectReference: {fileID: 0}
    - target: {fileID: 400156, guid: e57e9b8cd5e115f4f8d7736473e5c7fd, type: 3}
      propertyPath: m_LocalRotation.y
      value: 0.0009437369
      objectReference: {fileID: 0}
    - target: {fileID: 400156, guid: e57e9b8cd5e115f4f8d7736473e5c7fd, type: 3}
      propertyPath: m_LocalRotation.z
      value: -0.11635102
      objectReference: {fileID: 0}
    - target: {fileID: 400158, guid: e57e9b8cd5e115f4f8d7736473e5c7fd, type: 3}
      propertyPath: m_LocalPosition.x
      value: -0.17315155
      objectReference: {fileID: 0}
    - target: {fileID: 400158, guid: e57e9b8cd5e115f4f8d7736473e5c7fd, type: 3}
      propertyPath: m_LocalPosition.y
      value: -0.026325617
      objectReference: {fileID: 0}
    - target: {fileID: 400158, guid: e57e9b8cd5e115f4f8d7736473e5c7fd, type: 3}
      propertyPath: m_LocalPosition.z
      value: -0.008993545
      objectReference: {fileID: 0}
    - target: {fileID: 400158, guid: e57e9b8cd5e115f4f8d7736473e5c7fd, type: 3}
      propertyPath: m_LocalRotation.w
      value: 1
      objectReference: {fileID: 0}
    - target: {fileID: 400158, guid: e57e9b8cd5e115f4f8d7736473e5c7fd, type: 3}
      propertyPath: m_LocalRotation.x
      value: -0.00006440188
      objectReference: {fileID: 0}
    - target: {fileID: 400158, guid: e57e9b8cd5e115f4f8d7736473e5c7fd, type: 3}
      propertyPath: m_LocalRotation.y
      value: 0.00015682726
      objectReference: {fileID: 0}
    - target: {fileID: 400158, guid: e57e9b8cd5e115f4f8d7736473e5c7fd, type: 3}
      propertyPath: m_LocalRotation.z
      value: -0.000018686054
      objectReference: {fileID: 0}
    - target: {fileID: 400160, guid: e57e9b8cd5e115f4f8d7736473e5c7fd, type: 3}
      propertyPath: m_LocalPosition.x
      value: -0.06345343
      objectReference: {fileID: 0}
    - target: {fileID: 400160, guid: e57e9b8cd5e115f4f8d7736473e5c7fd, type: 3}
      propertyPath: m_LocalPosition.y
      value: 0.00000029522914
      objectReference: {fileID: 0}
    - target: {fileID: 400160, guid: e57e9b8cd5e115f4f8d7736473e5c7fd, type: 3}
      propertyPath: m_LocalPosition.z
      value: 0.0000001889421
      objectReference: {fileID: 0}
    - target: {fileID: 400160, guid: e57e9b8cd5e115f4f8d7736473e5c7fd, type: 3}
      propertyPath: m_LocalRotation.w
      value: 0.99927723
      objectReference: {fileID: 0}
    - target: {fileID: 400160, guid: e57e9b8cd5e115f4f8d7736473e5c7fd, type: 3}
      propertyPath: m_LocalRotation.x
      value: -0.004409538
      objectReference: {fileID: 0}
    - target: {fileID: 400160, guid: e57e9b8cd5e115f4f8d7736473e5c7fd, type: 3}
      propertyPath: m_LocalRotation.y
      value: 0.0016431708
      objectReference: {fileID: 0}
    - target: {fileID: 400160, guid: e57e9b8cd5e115f4f8d7736473e5c7fd, type: 3}
      propertyPath: m_LocalRotation.z
      value: -0.037721746
      objectReference: {fileID: 0}
    - target: {fileID: 400162, guid: e57e9b8cd5e115f4f8d7736473e5c7fd, type: 3}
      propertyPath: m_LocalPosition.x
      value: -0.063453235
      objectReference: {fileID: 0}
    - target: {fileID: 400162, guid: e57e9b8cd5e115f4f8d7736473e5c7fd, type: 3}
      propertyPath: m_LocalPosition.y
      value: 0.00000015459943
      objectReference: {fileID: 0}
    - target: {fileID: 400162, guid: e57e9b8cd5e115f4f8d7736473e5c7fd, type: 3}
      propertyPath: m_LocalPosition.z
      value: -0.00000011373784
      objectReference: {fileID: 0}
    - target: {fileID: 400162, guid: e57e9b8cd5e115f4f8d7736473e5c7fd, type: 3}
      propertyPath: m_LocalRotation.w
      value: 0.993197
      objectReference: {fileID: 0}
    - target: {fileID: 400162, guid: e57e9b8cd5e115f4f8d7736473e5c7fd, type: 3}
      propertyPath: m_LocalRotation.x
      value: -0.0046092975
      objectReference: {fileID: 0}
    - target: {fileID: 400162, guid: e57e9b8cd5e115f4f8d7736473e5c7fd, type: 3}
      propertyPath: m_LocalRotation.y
      value: 0.0009440336
      objectReference: {fileID: 0}
    - target: {fileID: 400162, guid: e57e9b8cd5e115f4f8d7736473e5c7fd, type: 3}
      propertyPath: m_LocalRotation.z
      value: -0.11635105
      objectReference: {fileID: 0}
    - target: {fileID: 400164, guid: e57e9b8cd5e115f4f8d7736473e5c7fd, type: 3}
      propertyPath: m_LocalPosition.x
      value: -0.17315145
      objectReference: {fileID: 0}
    - target: {fileID: 400164, guid: e57e9b8cd5e115f4f8d7736473e5c7fd, type: 3}
      propertyPath: m_LocalPosition.y
      value: -0.026293466
      objectReference: {fileID: 0}
    - target: {fileID: 400164, guid: e57e9b8cd5e115f4f8d7736473e5c7fd, type: 3}
      propertyPath: m_LocalPosition.z
      value: 0.03144612
      objectReference: {fileID: 0}
    - target: {fileID: 400164, guid: e57e9b8cd5e115f4f8d7736473e5c7fd, type: 3}
      propertyPath: m_LocalRotation.w
      value: 0.99996156
      objectReference: {fileID: 0}
    - target: {fileID: 400164, guid: e57e9b8cd5e115f4f8d7736473e5c7fd, type: 3}
      propertyPath: m_LocalRotation.x
      value: -0.008490202
      objectReference: {fileID: 0}
    - target: {fileID: 400164, guid: e57e9b8cd5e115f4f8d7736473e5c7fd, type: 3}
      propertyPath: m_LocalRotation.y
      value: 0.0021675192
      objectReference: {fileID: 0}
    - target: {fileID: 400164, guid: e57e9b8cd5e115f4f8d7736473e5c7fd, type: 3}
      propertyPath: m_LocalRotation.z
      value: 0.00043296814
      objectReference: {fileID: 0}
    - target: {fileID: 400166, guid: e57e9b8cd5e115f4f8d7736473e5c7fd, type: 3}
      propertyPath: m_LocalPosition.x
      value: -0.05438847
      objectReference: {fileID: 0}
    - target: {fileID: 400166, guid: e57e9b8cd5e115f4f8d7736473e5c7fd, type: 3}
      propertyPath: m_LocalPosition.y
      value: -0.000000007450579
      objectReference: {fileID: 0}
    - target: {fileID: 400166, guid: e57e9b8cd5e115f4f8d7736473e5c7fd, type: 3}
      propertyPath: m_LocalPosition.z
      value: -0.00000007543713
      objectReference: {fileID: 0}
    - target: {fileID: 400166, guid: e57e9b8cd5e115f4f8d7736473e5c7fd, type: 3}
      propertyPath: m_LocalRotation.w
      value: 0.9992773
      objectReference: {fileID: 0}
    - target: {fileID: 400166, guid: e57e9b8cd5e115f4f8d7736473e5c7fd, type: 3}
      propertyPath: m_LocalRotation.x
      value: -0.0044096215
      objectReference: {fileID: 0}
    - target: {fileID: 400166, guid: e57e9b8cd5e115f4f8d7736473e5c7fd, type: 3}
      propertyPath: m_LocalRotation.y
      value: 0.001639864
      objectReference: {fileID: 0}
    - target: {fileID: 400166, guid: e57e9b8cd5e115f4f8d7736473e5c7fd, type: 3}
      propertyPath: m_LocalRotation.z
      value: -0.037721448
      objectReference: {fileID: 0}
    - target: {fileID: 400168, guid: e57e9b8cd5e115f4f8d7736473e5c7fd, type: 3}
      propertyPath: m_LocalPosition.x
      value: -0.05438825
      objectReference: {fileID: 0}
    - target: {fileID: 400168, guid: e57e9b8cd5e115f4f8d7736473e5c7fd, type: 3}
      propertyPath: m_LocalPosition.y
      value: 0.00000010430809
      objectReference: {fileID: 0}
    - target: {fileID: 400168, guid: e57e9b8cd5e115f4f8d7736473e5c7fd, type: 3}
      propertyPath: m_LocalPosition.z
      value: 0.0000002259622
      objectReference: {fileID: 0}
    - target: {fileID: 400168, guid: e57e9b8cd5e115f4f8d7736473e5c7fd, type: 3}
      propertyPath: m_LocalRotation.w
      value: 0.9931971
      objectReference: {fileID: 0}
    - target: {fileID: 400168, guid: e57e9b8cd5e115f4f8d7736473e5c7fd, type: 3}
      propertyPath: m_LocalRotation.x
      value: -0.004612832
      objectReference: {fileID: 0}
    - target: {fileID: 400168, guid: e57e9b8cd5e115f4f8d7736473e5c7fd, type: 3}
      propertyPath: m_LocalRotation.y
      value: 0.000944559
      objectReference: {fileID: 0}
    - target: {fileID: 400168, guid: e57e9b8cd5e115f4f8d7736473e5c7fd, type: 3}
      propertyPath: m_LocalRotation.z
      value: -0.11635104
      objectReference: {fileID: 0}
    - target: {fileID: 400170, guid: e57e9b8cd5e115f4f8d7736473e5c7fd, type: 3}
      propertyPath: m_LocalPosition.x
      value: -0.17315158
      objectReference: {fileID: 0}
    - target: {fileID: 400170, guid: e57e9b8cd5e115f4f8d7736473e5c7fd, type: 3}
      propertyPath: m_LocalPosition.y
      value: -0.026262973
      objectReference: {fileID: 0}
    - target: {fileID: 400170, guid: e57e9b8cd5e115f4f8d7736473e5c7fd, type: 3}
      propertyPath: m_LocalPosition.z
      value: 0.06989306
      objectReference: {fileID: 0}
    - target: {fileID: 400170, guid: e57e9b8cd5e115f4f8d7736473e5c7fd, type: 3}
      propertyPath: m_LocalRotation.w
      value: 0.9999145
      objectReference: {fileID: 0}
    - target: {fileID: 400170, guid: e57e9b8cd5e115f4f8d7736473e5c7fd, type: 3}
      propertyPath: m_LocalRotation.x
      value: -0.0126407305
      objectReference: {fileID: 0}
    - target: {fileID: 400170, guid: e57e9b8cd5e115f4f8d7736473e5c7fd, type: 3}
      propertyPath: m_LocalRotation.y
      value: 0.0031523178
      objectReference: {fileID: 0}
    - target: {fileID: 400170, guid: e57e9b8cd5e115f4f8d7736473e5c7fd, type: 3}
      propertyPath: m_LocalRotation.z
      value: 0.0011505781
      objectReference: {fileID: 0}
    - target: {fileID: 400172, guid: e57e9b8cd5e115f4f8d7736473e5c7fd, type: 3}
      propertyPath: m_LocalPosition.x
      value: -0.04532368
      objectReference: {fileID: 0}
    - target: {fileID: 400172, guid: e57e9b8cd5e115f4f8d7736473e5c7fd, type: 3}
      propertyPath: m_LocalPosition.y
      value: 0.00000015646214
      objectReference: {fileID: 0}
    - target: {fileID: 400172, guid: e57e9b8cd5e115f4f8d7736473e5c7fd, type: 3}
      propertyPath: m_LocalPosition.z
      value: 0.00000023026956
      objectReference: {fileID: 0}
    - target: {fileID: 400172, guid: e57e9b8cd5e115f4f8d7736473e5c7fd, type: 3}
      propertyPath: m_LocalRotation.w
      value: 0.9992771
      objectReference: {fileID: 0}
    - target: {fileID: 400172, guid: e57e9b8cd5e115f4f8d7736473e5c7fd, type: 3}
      propertyPath: m_LocalRotation.x
      value: -0.00440879
      objectReference: {fileID: 0}
    - target: {fileID: 400172, guid: e57e9b8cd5e115f4f8d7736473e5c7fd, type: 3}
      propertyPath: m_LocalRotation.y
      value: 0.0016443852
      objectReference: {fileID: 0}
    - target: {fileID: 400172, guid: e57e9b8cd5e115f4f8d7736473e5c7fd, type: 3}
      propertyPath: m_LocalRotation.z
      value: -0.037726067
      objectReference: {fileID: 0}
    - target: {fileID: 400174, guid: e57e9b8cd5e115f4f8d7736473e5c7fd, type: 3}
      propertyPath: m_LocalPosition.x
      value: -0.04532365
      objectReference: {fileID: 0}
    - target: {fileID: 400174, guid: e57e9b8cd5e115f4f8d7736473e5c7fd, type: 3}
      propertyPath: m_LocalPosition.y
      value: -0.00000014528622
      objectReference: {fileID: 0}
    - target: {fileID: 400174, guid: e57e9b8cd5e115f4f8d7736473e5c7fd, type: 3}
      propertyPath: m_LocalPosition.z
      value: -0.00000015075793
      objectReference: {fileID: 0}
    - target: {fileID: 400174, guid: e57e9b8cd5e115f4f8d7736473e5c7fd, type: 3}
      propertyPath: m_LocalRotation.w
      value: 0.9931971
      objectReference: {fileID: 0}
    - target: {fileID: 400174, guid: e57e9b8cd5e115f4f8d7736473e5c7fd, type: 3}
      propertyPath: m_LocalRotation.x
      value: -0.0046080356
      objectReference: {fileID: 0}
    - target: {fileID: 400174, guid: e57e9b8cd5e115f4f8d7736473e5c7fd, type: 3}
      propertyPath: m_LocalRotation.y
      value: 0.00094403175
      objectReference: {fileID: 0}
    - target: {fileID: 400174, guid: e57e9b8cd5e115f4f8d7736473e5c7fd, type: 3}
      propertyPath: m_LocalRotation.z
      value: -0.1163508
      objectReference: {fileID: 0}
    - target: {fileID: 400176, guid: e57e9b8cd5e115f4f8d7736473e5c7fd, type: 3}
      propertyPath: m_LocalPosition.x
      value: -0.14912994
      objectReference: {fileID: 0}
    - target: {fileID: 400176, guid: e57e9b8cd5e115f4f8d7736473e5c7fd, type: 3}
      propertyPath: m_LocalPosition.y
      value: 0.24276708
      objectReference: {fileID: 0}
    - target: {fileID: 400176, guid: e57e9b8cd5e115f4f8d7736473e5c7fd, type: 3}
      propertyPath: m_LocalPosition.z
      value: -0.0021788776
      objectReference: {fileID: 0}
    - target: {fileID: 400176, guid: e57e9b8cd5e115f4f8d7736473e5c7fd, type: 3}
      propertyPath: m_LocalRotation.x
      value: -0.00000007683774
      objectReference: {fileID: 0}
    - target: {fileID: 400176, guid: e57e9b8cd5e115f4f8d7736473e5c7fd, type: 3}
      propertyPath: m_LocalRotation.y
      value: -0.000000012580129
      objectReference: {fileID: 0}
    - target: {fileID: 400176, guid: e57e9b8cd5e115f4f8d7736473e5c7fd, type: 3}
      propertyPath: m_LocalRotation.z
      value: -0.71320623
      objectReference: {fileID: 0}
    - target: {fileID: 400180, guid: e57e9b8cd5e115f4f8d7736473e5c7fd, type: 3}
      propertyPath: m_LocalPosition.x
      value: -0.04867099
      objectReference: {fileID: 0}
    - target: {fileID: 400180, guid: e57e9b8cd5e115f4f8d7736473e5c7fd, type: 3}
      propertyPath: m_LocalPosition.y
      value: 0.0000001909211
      objectReference: {fileID: 0}
    - target: {fileID: 400180, guid: e57e9b8cd5e115f4f8d7736473e5c7fd, type: 3}
      propertyPath: m_LocalPosition.z
      value: 0.00000024586916
      objectReference: {fileID: 0}
    - target: {fileID: 400180, guid: e57e9b8cd5e115f4f8d7736473e5c7fd, type: 3}
      propertyPath: m_LocalRotation.w
      value: -0.99340963
      objectReference: {fileID: 0}
    - target: {fileID: 400180, guid: e57e9b8cd5e115f4f8d7736473e5c7fd, type: 3}
      propertyPath: m_LocalRotation.x
      value: -0.019699896
      objectReference: {fileID: 0}
    - target: {fileID: 400180, guid: e57e9b8cd5e115f4f8d7736473e5c7fd, type: 3}
      propertyPath: m_LocalRotation.y
      value: -0.00024981052
      objectReference: {fileID: 0}
    - target: {fileID: 400180, guid: e57e9b8cd5e115f4f8d7736473e5c7fd, type: 3}
      propertyPath: m_LocalRotation.z
      value: 0.112912476
      objectReference: {fileID: 0}
    - target: {fileID: 400182, guid: e57e9b8cd5e115f4f8d7736473e5c7fd, type: 3}
      propertyPath: m_LocalPosition.x
      value: -0.05438863
      objectReference: {fileID: 0}
    - target: {fileID: 400182, guid: e57e9b8cd5e115f4f8d7736473e5c7fd, type: 3}
      propertyPath: m_LocalPosition.y
      value: -0.00000005587933
      objectReference: {fileID: 0}
    - target: {fileID: 400182, guid: e57e9b8cd5e115f4f8d7736473e5c7fd, type: 3}
      propertyPath: m_LocalPosition.z
      value: 2.0372676e-10
      objectReference: {fileID: 0}
    - target: {fileID: 400182, guid: e57e9b8cd5e115f4f8d7736473e5c7fd, type: 3}
      propertyPath: m_LocalRotation.w
      value: -0.9931971
      objectReference: {fileID: 0}
    - target: {fileID: 400182, guid: e57e9b8cd5e115f4f8d7736473e5c7fd, type: 3}
      propertyPath: m_LocalRotation.x
      value: -0.0046091797
      objectReference: {fileID: 0}
    - target: {fileID: 400182, guid: e57e9b8cd5e115f4f8d7736473e5c7fd, type: 3}
      propertyPath: m_LocalRotation.y
      value: 0.0009439528
      objectReference: {fileID: 0}
    - target: {fileID: 400182, guid: e57e9b8cd5e115f4f8d7736473e5c7fd, type: 3}
      propertyPath: m_LocalRotation.z
      value: 0.11635091
      objectReference: {fileID: 0}
    - target: {fileID: 400184, guid: e57e9b8cd5e115f4f8d7736473e5c7fd, type: 3}
      propertyPath: m_LocalPosition.x
      value: -0.17315157
      objectReference: {fileID: 0}
    - target: {fileID: 400184, guid: e57e9b8cd5e115f4f8d7736473e5c7fd, type: 3}
      propertyPath: m_LocalPosition.y
      value: -0.026325377
      objectReference: {fileID: 0}
    - target: {fileID: 400184, guid: e57e9b8cd5e115f4f8d7736473e5c7fd, type: 3}
      propertyPath: m_LocalPosition.z
      value: 0.008993603
      objectReference: {fileID: 0}
    - target: {fileID: 400184, guid: e57e9b8cd5e115f4f8d7736473e5c7fd, type: 3}
      propertyPath: m_LocalRotation.w
      value: -1
      objectReference: {fileID: 0}
    - target: {fileID: 400184, guid: e57e9b8cd5e115f4f8d7736473e5c7fd, type: 3}
      propertyPath: m_LocalRotation.x
      value: -0.00006463285
      objectReference: {fileID: 0}
    - target: {fileID: 400184, guid: e57e9b8cd5e115f4f8d7736473e5c7fd, type: 3}
      propertyPath: m_LocalRotation.y
      value: 0.00015656427
      objectReference: {fileID: 0}
    - target: {fileID: 400184, guid: e57e9b8cd5e115f4f8d7736473e5c7fd, type: 3}
      propertyPath: m_LocalRotation.z
      value: 0.000018725039
      objectReference: {fileID: 0}
    - target: {fileID: 400186, guid: e57e9b8cd5e115f4f8d7736473e5c7fd, type: 3}
      propertyPath: m_LocalPosition.x
      value: -0.063453235
      objectReference: {fileID: 0}
    - target: {fileID: 400186, guid: e57e9b8cd5e115f4f8d7736473e5c7fd, type: 3}
      propertyPath: m_LocalPosition.y
      value: -0.00000016950075
      objectReference: {fileID: 0}
    - target: {fileID: 400186, guid: e57e9b8cd5e115f4f8d7736473e5c7fd, type: 3}
      propertyPath: m_LocalPosition.z
      value: -0.00000045600632
      objectReference: {fileID: 0}
    - target: {fileID: 400186, guid: e57e9b8cd5e115f4f8d7736473e5c7fd, type: 3}
      propertyPath: m_LocalRotation.w
      value: -0.9992774
      objectReference: {fileID: 0}
    - target: {fileID: 400186, guid: e57e9b8cd5e115f4f8d7736473e5c7fd, type: 3}
      propertyPath: m_LocalRotation.x
      value: -0.0044092126
      objectReference: {fileID: 0}
    - target: {fileID: 400186, guid: e57e9b8cd5e115f4f8d7736473e5c7fd, type: 3}
      propertyPath: m_LocalRotation.y
      value: 0.0016464492
      objectReference: {fileID: 0}
    - target: {fileID: 400186, guid: e57e9b8cd5e115f4f8d7736473e5c7fd, type: 3}
      propertyPath: m_LocalRotation.z
      value: 0.03771715
      objectReference: {fileID: 0}
    - target: {fileID: 400188, guid: e57e9b8cd5e115f4f8d7736473e5c7fd, type: 3}
      propertyPath: m_LocalPosition.x
      value: -0.063453145
      objectReference: {fileID: 0}
    - target: {fileID: 400188, guid: e57e9b8cd5e115f4f8d7736473e5c7fd, type: 3}
      propertyPath: m_LocalPosition.y
      value: 0.000000039115537
      objectReference: {fileID: 0}
    - target: {fileID: 400188, guid: e57e9b8cd5e115f4f8d7736473e5c7fd, type: 3}
      propertyPath: m_LocalPosition.z
      value: 0.00000037961587
      objectReference: {fileID: 0}
    - target: {fileID: 400188, guid: e57e9b8cd5e115f4f8d7736473e5c7fd, type: 3}
      propertyPath: m_LocalRotation.w
      value: -0.9931971
      objectReference: {fileID: 0}
    - target: {fileID: 400188, guid: e57e9b8cd5e115f4f8d7736473e5c7fd, type: 3}
      propertyPath: m_LocalRotation.x
      value: -0.004607419
      objectReference: {fileID: 0}
    - target: {fileID: 400188, guid: e57e9b8cd5e115f4f8d7736473e5c7fd, type: 3}
      propertyPath: m_LocalRotation.y
      value: 0.0009438135
      objectReference: {fileID: 0}
    - target: {fileID: 400188, guid: e57e9b8cd5e115f4f8d7736473e5c7fd, type: 3}
      propertyPath: m_LocalRotation.z
      value: 0.11635102
      objectReference: {fileID: 0}
    - target: {fileID: 400190, guid: e57e9b8cd5e115f4f8d7736473e5c7fd, type: 3}
      propertyPath: m_LocalPosition.y
      value: -0.026293252
      objectReference: {fileID: 0}
    - target: {fileID: 400190, guid: e57e9b8cd5e115f4f8d7736473e5c7fd, type: 3}
      propertyPath: m_LocalPosition.z
      value: -0.031446226
      objectReference: {fileID: 0}
    - target: {fileID: 400190, guid: e57e9b8cd5e115f4f8d7736473e5c7fd, type: 3}
      propertyPath: m_LocalRotation.w
      value: -0.9999616
      objectReference: {fileID: 0}
    - target: {fileID: 400190, guid: e57e9b8cd5e115f4f8d7736473e5c7fd, type: 3}
      propertyPath: m_LocalRotation.x
      value: -0.008489846
      objectReference: {fileID: 0}
    - target: {fileID: 400190, guid: e57e9b8cd5e115f4f8d7736473e5c7fd, type: 3}
      propertyPath: m_LocalRotation.y
      value: 0.0021671897
      objectReference: {fileID: 0}
    - target: {fileID: 400190, guid: e57e9b8cd5e115f4f8d7736473e5c7fd, type: 3}
      propertyPath: m_LocalRotation.z
      value: -0.00043290324
      objectReference: {fileID: 0}
    - target: {fileID: 400192, guid: e57e9b8cd5e115f4f8d7736473e5c7fd, type: 3}
      propertyPath: m_LocalPosition.x
      value: -0.05438844
      objectReference: {fileID: 0}
    - target: {fileID: 400192, guid: e57e9b8cd5e115f4f8d7736473e5c7fd, type: 3}
      propertyPath: m_LocalPosition.y
      value: -0.00000011548396
      objectReference: {fileID: 0}
    - target: {fileID: 400192, guid: e57e9b8cd5e115f4f8d7736473e5c7fd, type: 3}
      propertyPath: m_LocalPosition.z
      value: -0.00000007759081
      objectReference: {fileID: 0}
    - target: {fileID: 400192, guid: e57e9b8cd5e115f4f8d7736473e5c7fd, type: 3}
      propertyPath: m_LocalRotation.w
      value: -0.9992775
      objectReference: {fileID: 0}
    - target: {fileID: 400192, guid: e57e9b8cd5e115f4f8d7736473e5c7fd, type: 3}
      propertyPath: m_LocalRotation.x
      value: -0.004409201
      objectReference: {fileID: 0}
    - target: {fileID: 400192, guid: e57e9b8cd5e115f4f8d7736473e5c7fd, type: 3}
      propertyPath: m_LocalRotation.y
      value: 0.0016419902
      objectReference: {fileID: 0}
    - target: {fileID: 400192, guid: e57e9b8cd5e115f4f8d7736473e5c7fd, type: 3}
      propertyPath: m_LocalRotation.z
      value: 0.037716415
      objectReference: {fileID: 0}
    - target: {fileID: 400194, guid: e57e9b8cd5e115f4f8d7736473e5c7fd, type: 3}
      propertyPath: m_LocalPosition.x
      value: -0.054388728
      objectReference: {fileID: 0}
    - target: {fileID: 400194, guid: e57e9b8cd5e115f4f8d7736473e5c7fd, type: 3}
      propertyPath: m_LocalPosition.y
      value: -0.00000005587933
      objectReference: {fileID: 0}
    - target: {fileID: 400194, guid: e57e9b8cd5e115f4f8d7736473e5c7fd, type: 3}
      propertyPath: m_LocalPosition.z
      value: -0.00000007914784
      objectReference: {fileID: 0}
    - target: {fileID: 400194, guid: e57e9b8cd5e115f4f8d7736473e5c7fd, type: 3}
      propertyPath: m_LocalRotation.w
      value: -0.9931971
      objectReference: {fileID: 0}
    - target: {fileID: 400194, guid: e57e9b8cd5e115f4f8d7736473e5c7fd, type: 3}
      propertyPath: m_LocalRotation.x
      value: -0.0046068067
      objectReference: {fileID: 0}
    - target: {fileID: 400194, guid: e57e9b8cd5e115f4f8d7736473e5c7fd, type: 3}
      propertyPath: m_LocalRotation.y
      value: 0.0009435011
      objectReference: {fileID: 0}
    - target: {fileID: 400194, guid: e57e9b8cd5e115f4f8d7736473e5c7fd, type: 3}
      propertyPath: m_LocalRotation.z
      value: 0.11635097
      objectReference: {fileID: 0}
    - target: {fileID: 400196, guid: e57e9b8cd5e115f4f8d7736473e5c7fd, type: 3}
      propertyPath: m_LocalPosition.x
      value: -0.17315207
      objectReference: {fileID: 0}
    - target: {fileID: 400196, guid: e57e9b8cd5e115f4f8d7736473e5c7fd, type: 3}
      propertyPath: m_LocalPosition.y
      value: -0.026263021
      objectReference: {fileID: 0}
    - target: {fileID: 400196, guid: e57e9b8cd5e115f4f8d7736473e5c7fd, type: 3}
      propertyPath: m_LocalPosition.z
      value: -0.06989319
      objectReference: {fileID: 0}
    - target: {fileID: 400196, guid: e57e9b8cd5e115f4f8d7736473e5c7fd, type: 3}
      propertyPath: m_LocalRotation.w
      value: -0.99991447
      objectReference: {fileID: 0}
    - target: {fileID: 400196, guid: e57e9b8cd5e115f4f8d7736473e5c7fd, type: 3}
      propertyPath: m_LocalRotation.x
      value: -0.01264352
      objectReference: {fileID: 0}
    - target: {fileID: 400196, guid: e57e9b8cd5e115f4f8d7736473e5c7fd, type: 3}
      propertyPath: m_LocalRotation.y
      value: 0.0031535123
      objectReference: {fileID: 0}
    - target: {fileID: 400196, guid: e57e9b8cd5e115f4f8d7736473e5c7fd, type: 3}
      propertyPath: m_LocalRotation.z
      value: -0.0011510953
      objectReference: {fileID: 0}
    - target: {fileID: 400198, guid: e57e9b8cd5e115f4f8d7736473e5c7fd, type: 3}
      propertyPath: m_LocalPosition.x
      value: -0.045323897
      objectReference: {fileID: 0}
    - target: {fileID: 400198, guid: e57e9b8cd5e115f4f8d7736473e5c7fd, type: 3}
      propertyPath: m_LocalPosition.y
      value: 0.00000027101467
      objectReference: {fileID: 0}
    - target: {fileID: 400198, guid: e57e9b8cd5e115f4f8d7736473e5c7fd, type: 3}
      propertyPath: m_LocalPosition.z
      value: 0.0000003084931
      objectReference: {fileID: 0}
    - target: {fileID: 400198, guid: e57e9b8cd5e115f4f8d7736473e5c7fd, type: 3}
      propertyPath: m_LocalRotation.w
      value: -0.99927735
      objectReference: {fileID: 0}
    - target: {fileID: 400198, guid: e57e9b8cd5e115f4f8d7736473e5c7fd, type: 3}
      propertyPath: m_LocalRotation.x
      value: -0.0044122557
      objectReference: {fileID: 0}
    - target: {fileID: 400198, guid: e57e9b8cd5e115f4f8d7736473e5c7fd, type: 3}
      propertyPath: m_LocalRotation.y
      value: 0.0016423786
      objectReference: {fileID: 0}
    - target: {fileID: 400198, guid: e57e9b8cd5e115f4f8d7736473e5c7fd, type: 3}
      propertyPath: m_LocalRotation.z
      value: 0.037718877
      objectReference: {fileID: 0}
    - target: {fileID: 400200, guid: e57e9b8cd5e115f4f8d7736473e5c7fd, type: 3}
      propertyPath: m_LocalPosition.y
      value: 0.00000018998952
      objectReference: {fileID: 0}
    - target: {fileID: 400200, guid: e57e9b8cd5e115f4f8d7736473e5c7fd, type: 3}
      propertyPath: m_LocalPosition.z
      value: 0.00000022643479
      objectReference: {fileID: 0}
    - target: {fileID: 400200, guid: e57e9b8cd5e115f4f8d7736473e5c7fd, type: 3}
      propertyPath: m_LocalRotation.w
      value: -0.993197
      objectReference: {fileID: 0}
    - target: {fileID: 400200, guid: e57e9b8cd5e115f4f8d7736473e5c7fd, type: 3}
      propertyPath: m_LocalRotation.x
      value: -0.0046116565
      objectReference: {fileID: 0}
    - target: {fileID: 400200, guid: e57e9b8cd5e115f4f8d7736473e5c7fd, type: 3}
      propertyPath: m_LocalRotation.y
      value: 0.0009443758
      objectReference: {fileID: 0}
    - target: {fileID: 400200, guid: e57e9b8cd5e115f4f8d7736473e5c7fd, type: 3}
      propertyPath: m_LocalRotation.z
      value: 0.11635097
      objectReference: {fileID: 0}
    - target: {fileID: 400202, guid: e57e9b8cd5e115f4f8d7736473e5c7fd, type: 3}
      propertyPath: m_LocalPosition.x
      value: -0.14912994
      objectReference: {fileID: 0}
    - target: {fileID: 400202, guid: e57e9b8cd5e115f4f8d7736473e5c7fd, type: 3}
      propertyPath: m_LocalPosition.y
      value: 0.24276714
      objectReference: {fileID: 0}
    - target: {fileID: 400202, guid: e57e9b8cd5e115f4f8d7736473e5c7fd, type: 3}
      propertyPath: m_LocalPosition.z
      value: 0.0021788778
      objectReference: {fileID: 0}
    - target: {fileID: 400202, guid: e57e9b8cd5e115f4f8d7736473e5c7fd, type: 3}
      propertyPath: m_LocalRotation.x
      value: 0.00000013076715
      objectReference: {fileID: 0}
    - target: {fileID: 400202, guid: e57e9b8cd5e115f4f8d7736473e5c7fd, type: 3}
      propertyPath: m_LocalRotation.y
      value: -0.000000053983968
      objectReference: {fileID: 0}
    - target: {fileID: 400204, guid: e57e9b8cd5e115f4f8d7736473e5c7fd, type: 3}
      propertyPath: m_LocalPosition.x
      value: -0.2527174
      objectReference: {fileID: 0}
    - target: {fileID: 400204, guid: e57e9b8cd5e115f4f8d7736473e5c7fd, type: 3}
      propertyPath: m_LocalPosition.y
      value: -0.00015711783
      objectReference: {fileID: 0}
    - target: {fileID: 400204, guid: e57e9b8cd5e115f4f8d7736473e5c7fd, type: 3}
      propertyPath: m_LocalPosition.z
      value: 0.000006638468
      objectReference: {fileID: 0}
    - target: {fileID: 400204, guid: e57e9b8cd5e115f4f8d7736473e5c7fd, type: 3}
      propertyPath: m_LocalRotation.w
      value: 0.9994798
      objectReference: {fileID: 0}
    - target: {fileID: 400204, guid: e57e9b8cd5e115f4f8d7736473e5c7fd, type: 3}
      propertyPath: m_LocalRotation.x
      value: -0.00000065624977
      objectReference: {fileID: 0}
    - target: {fileID: 400204, guid: e57e9b8cd5e115f4f8d7736473e5c7fd, type: 3}
      propertyPath: m_LocalRotation.y
      value: 0.000000022242329
      objectReference: {fileID: 0}
    - target: {fileID: 400204, guid: e57e9b8cd5e115f4f8d7736473e5c7fd, type: 3}
      propertyPath: m_LocalRotation.z
      value: -0.032254037
      objectReference: {fileID: 0}
    - target: {fileID: 400206, guid: e57e9b8cd5e115f4f8d7736473e5c7fd, type: 3}
      propertyPath: m_LocalPosition.x
      value: -0.00000000990843
      objectReference: {fileID: 0}
    - target: {fileID: 400206, guid: e57e9b8cd5e115f4f8d7736473e5c7fd, type: 3}
      propertyPath: m_LocalPosition.z
      value: -0.0017328858
      objectReference: {fileID: 0}
    - target: {fileID: 400206, guid: e57e9b8cd5e115f4f8d7736473e5c7fd, type: 3}
      propertyPath: m_LocalRotation.w
      value: 0.5
      objectReference: {fileID: 0}
    - target: {fileID: 400206, guid: e57e9b8cd5e115f4f8d7736473e5c7fd, type: 3}
      propertyPath: m_LocalRotation.x
      value: -0.50000006
      objectReference: {fileID: 0}
    - target: {fileID: 400206, guid: e57e9b8cd5e115f4f8d7736473e5c7fd, type: 3}
      propertyPath: m_LocalRotation.y
      value: 0.49999997
      objectReference: {fileID: 0}
    - target: {fileID: 400206, guid: e57e9b8cd5e115f4f8d7736473e5c7fd, type: 3}
      propertyPath: m_LocalRotation.z
      value: 0.49999997
      objectReference: {fileID: 0}
    m_RemovedComponents: []
  m_SourcePrefab: {fileID: 100100000, guid: e57e9b8cd5e115f4f8d7736473e5c7fd, type: 3}
--- !u!1 &5788142113190874361 stripped
GameObject:
  m_CorrespondingSourceObject: {fileID: 100050, guid: e57e9b8cd5e115f4f8d7736473e5c7fd, type: 3}
  m_PrefabInstance: {fileID: 5788142113190906411}
  m_PrefabAsset: {fileID: 0}
--- !u!4 &5788142113191301273 stripped
Transform:
  m_CorrespondingSourceObject: {fileID: 400050, guid: e57e9b8cd5e115f4f8d7736473e5c7fd, type: 3}
  m_PrefabInstance: {fileID: 5788142113190906411}
  m_PrefabAsset: {fileID: 0}
--- !u!95 &5788142113198309195 stripped
Animator:
  m_CorrespondingSourceObject: {fileID: 9500000, guid: e57e9b8cd5e115f4f8d7736473e5c7fd, type: 3}
  m_PrefabInstance: {fileID: 5788142113190906411}
  m_PrefabAsset: {fileID: 0}
--- !u!1001 &7661363451020975049
PrefabInstance:
  m_ObjectHideFlags: 0
  serializedVersion: 2
  m_Modification:
    m_TransformParent: {fileID: 7171366651393665230}
    m_Modifications:
    - target: {fileID: 196348, guid: e26369d05b065684f99bb66a9ca94b93, type: 3}
      propertyPath: m_Name
      value: SM_Env_Basement_Support_Wall_01 (1)
      objectReference: {fileID: 0}
    - target: {fileID: 196348, guid: e26369d05b065684f99bb66a9ca94b93, type: 3}
      propertyPath: m_Layer
      value: 7
      objectReference: {fileID: 0}
    - target: {fileID: 427300, guid: e26369d05b065684f99bb66a9ca94b93, type: 3}
      propertyPath: m_RootOrder
      value: 2
      objectReference: {fileID: 0}
    - target: {fileID: 427300, guid: e26369d05b065684f99bb66a9ca94b93, type: 3}
      propertyPath: m_LocalScale.x
      value: 1.2
      objectReference: {fileID: 0}
    - target: {fileID: 427300, guid: e26369d05b065684f99bb66a9ca94b93, type: 3}
      propertyPath: m_LocalScale.y
      value: 1.2
      objectReference: {fileID: 0}
    - target: {fileID: 427300, guid: e26369d05b065684f99bb66a9ca94b93, type: 3}
      propertyPath: m_LocalScale.z
      value: 1.2000003
      objectReference: {fileID: 0}
    - target: {fileID: 427300, guid: e26369d05b065684f99bb66a9ca94b93, type: 3}
      propertyPath: m_LocalPosition.x
      value: 0
      objectReference: {fileID: 0}
    - target: {fileID: 427300, guid: e26369d05b065684f99bb66a9ca94b93, type: 3}
      propertyPath: m_LocalPosition.y
      value: 0
      objectReference: {fileID: 0}
    - target: {fileID: 427300, guid: e26369d05b065684f99bb66a9ca94b93, type: 3}
      propertyPath: m_LocalPosition.z
      value: -0.45999908
      objectReference: {fileID: 0}
    - target: {fileID: 427300, guid: e26369d05b065684f99bb66a9ca94b93, type: 3}
      propertyPath: m_LocalRotation.w
      value: 0.7071068
      objectReference: {fileID: 0}
    - target: {fileID: 427300, guid: e26369d05b065684f99bb66a9ca94b93, type: 3}
      propertyPath: m_LocalRotation.x
      value: 0.0000000074505797
      objectReference: {fileID: 0}
    - target: {fileID: 427300, guid: e26369d05b065684f99bb66a9ca94b93, type: 3}
      propertyPath: m_LocalRotation.y
      value: -0.0000000074505797
      objectReference: {fileID: 0}
    - target: {fileID: 427300, guid: e26369d05b065684f99bb66a9ca94b93, type: 3}
      propertyPath: m_LocalRotation.z
      value: -0.7071068
      objectReference: {fileID: 0}
    - target: {fileID: 427300, guid: e26369d05b065684f99bb66a9ca94b93, type: 3}
      propertyPath: m_LocalEulerAnglesHint.x
      value: 0
      objectReference: {fileID: 0}
    - target: {fileID: 427300, guid: e26369d05b065684f99bb66a9ca94b93, type: 3}
      propertyPath: m_LocalEulerAnglesHint.y
      value: 180
      objectReference: {fileID: 0}
    - target: {fileID: 427300, guid: e26369d05b065684f99bb66a9ca94b93, type: 3}
      propertyPath: m_LocalEulerAnglesHint.z
      value: -90
      objectReference: {fileID: 0}
    m_RemovedComponents: []
  m_SourcePrefab: {fileID: 100100000, guid: e26369d05b065684f99bb66a9ca94b93, type: 3}
--- !u!4 &7661363451020877549 stripped
Transform:
  m_CorrespondingSourceObject: {fileID: 427300, guid: e26369d05b065684f99bb66a9ca94b93, type: 3}
  m_PrefabInstance: {fileID: 7661363451020975049}
  m_PrefabAsset: {fileID: 0}
--- !u!1001 &7661363452346311160
PrefabInstance:
  m_ObjectHideFlags: 0
  serializedVersion: 2
  m_Modification:
    m_TransformParent: {fileID: 7171366651393665230}
    m_Modifications:
    - target: {fileID: 196348, guid: e26369d05b065684f99bb66a9ca94b93, type: 3}
      propertyPath: m_Name
      value: SM_Env_Basement_Support_Wall_01
      objectReference: {fileID: 0}
    - target: {fileID: 196348, guid: e26369d05b065684f99bb66a9ca94b93, type: 3}
      propertyPath: m_Layer
      value: 7
      objectReference: {fileID: 0}
    - target: {fileID: 427300, guid: e26369d05b065684f99bb66a9ca94b93, type: 3}
      propertyPath: m_RootOrder
      value: 0
      objectReference: {fileID: 0}
    - target: {fileID: 427300, guid: e26369d05b065684f99bb66a9ca94b93, type: 3}
      propertyPath: m_LocalScale.x
      value: 1.2
      objectReference: {fileID: 0}
    - target: {fileID: 427300, guid: e26369d05b065684f99bb66a9ca94b93, type: 3}
      propertyPath: m_LocalScale.y
      value: 1.2
      objectReference: {fileID: 0}
    - target: {fileID: 427300, guid: e26369d05b065684f99bb66a9ca94b93, type: 3}
      propertyPath: m_LocalScale.z
      value: 1.2000003
      objectReference: {fileID: 0}
    - target: {fileID: 427300, guid: e26369d05b065684f99bb66a9ca94b93, type: 3}
      propertyPath: m_LocalPosition.x
      value: 0
      objectReference: {fileID: 0}
    - target: {fileID: 427300, guid: e26369d05b065684f99bb66a9ca94b93, type: 3}
      propertyPath: m_LocalPosition.y
      value: 0
      objectReference: {fileID: 0}
    - target: {fileID: 427300, guid: e26369d05b065684f99bb66a9ca94b93, type: 3}
      propertyPath: m_LocalPosition.z
      value: -0.45999908
      objectReference: {fileID: 0}
    - target: {fileID: 427300, guid: e26369d05b065684f99bb66a9ca94b93, type: 3}
      propertyPath: m_LocalRotation.w
      value: 0.7071068
      objectReference: {fileID: 0}
    - target: {fileID: 427300, guid: e26369d05b065684f99bb66a9ca94b93, type: 3}
      propertyPath: m_LocalRotation.x
      value: -0.0000000074505797
      objectReference: {fileID: 0}
    - target: {fileID: 427300, guid: e26369d05b065684f99bb66a9ca94b93, type: 3}
      propertyPath: m_LocalRotation.y
      value: -0.0000000074505797
      objectReference: {fileID: 0}
    - target: {fileID: 427300, guid: e26369d05b065684f99bb66a9ca94b93, type: 3}
      propertyPath: m_LocalRotation.z
      value: 0.7071068
      objectReference: {fileID: 0}
    - target: {fileID: 427300, guid: e26369d05b065684f99bb66a9ca94b93, type: 3}
      propertyPath: m_LocalEulerAnglesHint.x
      value: 0
      objectReference: {fileID: 0}
    - target: {fileID: 427300, guid: e26369d05b065684f99bb66a9ca94b93, type: 3}
      propertyPath: m_LocalEulerAnglesHint.y
      value: 180
      objectReference: {fileID: 0}
    - target: {fileID: 427300, guid: e26369d05b065684f99bb66a9ca94b93, type: 3}
      propertyPath: m_LocalEulerAnglesHint.z
      value: 90
      objectReference: {fileID: 0}
    m_RemovedComponents: []
  m_SourcePrefab: {fileID: 100100000, guid: e26369d05b065684f99bb66a9ca94b93, type: 3}
--- !u!4 &7661363452346475740 stripped
Transform:
  m_CorrespondingSourceObject: {fileID: 427300, guid: e26369d05b065684f99bb66a9ca94b93, type: 3}
  m_PrefabInstance: {fileID: 7661363452346311160}
  m_PrefabAsset: {fileID: 0}
--- !u!1001 &7661363452819395629
PrefabInstance:
  m_ObjectHideFlags: 0
  serializedVersion: 2
  m_Modification:
    m_TransformParent: {fileID: 7171366651393665230}
    m_Modifications:
    - target: {fileID: 157900, guid: 81a46c974bd01d0419b3b7493865f935, type: 3}
      propertyPath: m_Name
      value: SM_Env_Basement_Support_Beam_01
      objectReference: {fileID: 0}
    - target: {fileID: 157900, guid: 81a46c974bd01d0419b3b7493865f935, type: 3}
      propertyPath: m_Layer
      value: 7
      objectReference: {fileID: 0}
    - target: {fileID: 408388, guid: 81a46c974bd01d0419b3b7493865f935, type: 3}
      propertyPath: m_RootOrder
      value: 1
      objectReference: {fileID: 0}
    - target: {fileID: 408388, guid: 81a46c974bd01d0419b3b7493865f935, type: 3}
      propertyPath: m_LocalScale.x
      value: 1.5
      objectReference: {fileID: 0}
    - target: {fileID: 408388, guid: 81a46c974bd01d0419b3b7493865f935, type: 3}
      propertyPath: m_LocalScale.y
      value: 1.5
      objectReference: {fileID: 0}
    - target: {fileID: 408388, guid: 81a46c974bd01d0419b3b7493865f935, type: 3}
      propertyPath: m_LocalScale.z
      value: 0.65
      objectReference: {fileID: 0}
    - target: {fileID: 408388, guid: 81a46c974bd01d0419b3b7493865f935, type: 3}
      propertyPath: m_LocalPosition.x
      value: 0
      objectReference: {fileID: 0}
    - target: {fileID: 408388, guid: 81a46c974bd01d0419b3b7493865f935, type: 3}
      propertyPath: m_LocalPosition.y
      value: 2.6800003
      objectReference: {fileID: 0}
    - target: {fileID: 408388, guid: 81a46c974bd01d0419b3b7493865f935, type: 3}
      propertyPath: m_LocalPosition.z
      value: -0.12
      objectReference: {fileID: 0}
    - target: {fileID: 408388, guid: 81a46c974bd01d0419b3b7493865f935, type: 3}
      propertyPath: m_LocalRotation.w
      value: 1
      objectReference: {fileID: 0}
    - target: {fileID: 408388, guid: 81a46c974bd01d0419b3b7493865f935, type: 3}
      propertyPath: m_LocalRotation.x
      value: -0
      objectReference: {fileID: 0}
    - target: {fileID: 408388, guid: 81a46c974bd01d0419b3b7493865f935, type: 3}
      propertyPath: m_LocalRotation.y
      value: -0
      objectReference: {fileID: 0}
    - target: {fileID: 408388, guid: 81a46c974bd01d0419b3b7493865f935, type: 3}
      propertyPath: m_LocalRotation.z
      value: -0
      objectReference: {fileID: 0}
    - target: {fileID: 408388, guid: 81a46c974bd01d0419b3b7493865f935, type: 3}
      propertyPath: m_LocalEulerAnglesHint.x
      value: 0
      objectReference: {fileID: 0}
    - target: {fileID: 408388, guid: 81a46c974bd01d0419b3b7493865f935, type: 3}
      propertyPath: m_LocalEulerAnglesHint.y
      value: 0
      objectReference: {fileID: 0}
    - target: {fileID: 408388, guid: 81a46c974bd01d0419b3b7493865f935, type: 3}
      propertyPath: m_LocalEulerAnglesHint.z
      value: 0
      objectReference: {fileID: 0}
    m_RemovedComponents: []
  m_SourcePrefab: {fileID: 100100000, guid: 81a46c974bd01d0419b3b7493865f935, type: 3}
--- !u!4 &7661363452819271529 stripped
Transform:
  m_CorrespondingSourceObject: {fileID: 408388, guid: 81a46c974bd01d0419b3b7493865f935, type: 3}
  m_PrefabInstance: {fileID: 7661363452819395629}
  m_PrefabAsset: {fileID: 0}
